Workbook
Name a: [1]cruz!#REF!
Name a: [1]cruz!#REF!
Name aaa: [1]cruz!#REF!
Name aaa: [1]cruz!#REF!
Name aaaa: [1]cruz!#REF!
Name aaaa: [1]cruz!#REF!
Name aaaaa: [1]cruz!#REF!
Name aaaaa: [1]cruz!#REF!
Name b: [1]cruz!#REF!
Name b: [1]cruz!#REF!
Name d: [1]cruz!#REF!
Name d: [1]cruz!#REF!
Name fdhg: [1]cruz!#REF!
Name fdhg: [1]cruz!#REF!
Name fff: [1]cruz!#REF!
Name fff: [1]cruz!#REF!
Name gfdjdh: [1]cruz!#REF!
Name gfdjdh: [1]cruz!#REF!
Name gggg: [1]cruz!#REF!
Name gggg: [1]cruz!#REF!
Name iiouoiuo: [1]cruz!#REF!
Name iiouoiuo: [1]cruz!#REF!
Name jghfhf: [1]cruz!#REF!
Name jghfhf: [1]cruz!#REF!
Name kjhk: [1]cruz!#REF!
Name kjhk: [1]cruz!#REF!
Name kkk: [1]cruz!#REF!
Name kkk: [1]cruz!#REF!
Name klhlkhj: [1]cruz!#REF!
Name klhlkhj: [1]cruz!#REF!
Name Limpeza: [1]cruz!#REF!
Name Limpeza: [1]cruz!#REF!
Name NUMERO: #REF!
Name NUMERO: #REF!
Name oficial: [1]cruz!#REF!
Name oficial: [1]cruz!#REF!
Name oi: [1]cruz!#REF!
Name oi: [1]cruz!#REF!
Name s: [1]cruz!#REF!
Name s: [1]cruz!#REF!
Name sgfd: [1]cruz!#REF!
Name sgfd: [1]cruz!#REF!
Name ss: [1]cruz!#REF!
Name ss: [1]cruz!#REF!
Name ssssssssss: [1]cruz!#REF!
Name ssssssssss: [1]cruz!#REF!
Name try: [1]cruz!#REF!
Name try: [1]cruz!#REF!

Sheet Anexo II - Modelo de proposta
A2: Razão Social:
A3: CNPJ: | E3: Pregão n°: | F3: Data:
A5: RESUMO DE CUSTOS CONTRATUAIS
A7: ITEM 1
A8: DESCRIÇÃO | B8: CARGA HORÁRIA | C8: QTD | D8: VALOR PROPOSTO POR EMPREGADO | E8: VALOR ESTIMADO HORAS EXTRAS | F8: VALOR ESTIMADO PARA CUSTEIO DE VIAGENS (NÃO SE APLICA) | G8: VALOR MENSAL (ESTIMADO) | H8: VALOR ANUAL (ESTIMADO)
A9: ='I-Copeiragem'!B132 -> Copeiro | B9: 150h | C9: ='I-Copeiragem'!D132 -> 2 | D9: ='I-Copeiragem'!E132 -> 3381.3919 | E9: ='I-Copeiragem'!F132 -> 1360.4067 | F9: 0 | G9: =C9*D9+E9+F9 -> 8123.1905 | H9: =G9*12 -> 97478.286
A10: ITEM 2
A11: DESCRIÇÃO | B11: CARGA HORÁRIA | C11: QTD | D11: VALOR PROPOSTO POR EMPREGADO | E11: VALOR ESTIMADO HORAS EXTRAS | F11: VALOR ESTIMADO PARA CUSTEIO DE VIAGENS (NÃO SE APLICA) | G11: VALOR MENSAL (ESTIMADO) | H11: VALOR ANUAL (ESTIMADO)
A12: ='II-Servente de Limpeza'!B132 -> Servente de Limpeza | B12: 150h | C12: ='II-Servente de Limpeza'!D132 -> 5 | D12: ='II-Servente de Limpeza'!E132 -> 4397.3123 | E12: ='II-Servente de Limpeza'!F132 -> 760.2653 | F12: 0 | G12: =C12*D12+E12+F12 -> 22746.827 | H12: =G12*12 -> 272961.92
A13: ITEM 3
A14: DESCRIÇÃO | B14: CARGA HORÁRIA | C14: QTD | D14: VALOR PROPOSTO POR EMPREGADO | E14: VALOR ESTIMADO HORAS EXTRAS | F14: VALOR ESTIMADO PARA CUSTEIO DE VIAGENS (NÃO SE APLICA) | G14: VALOR MENSAL (ESTIMADO) | H14: VALOR ANUAL (ESTIMADO)
A15: ='III-Aux. de Manutenção Predial'!B132 -> Auxiliar de Manutenção Predial | B15: 150h | C15: ='III-Aux. de Manutenção Predial'!D132 -> 1 | D15: ='III-Aux. de Manutenção Predial'!E132 -> 6001.3538 | E15: ='III-Aux. de Manutenção Predial'!F132 -> 176.94816 | F15: 0 | G15: =C15*D15+E15+F15 -> 6178.302 | H15: =G15*12 -> 74139.624
A16: ITEM 4
A17: DESCRIÇÃO | B17: CARGA HORÁRIA | C17: QTD | D17: VALOR PROPOSTO POR EMPREGADO | E17: VALOR ESTIMADO HORAS EXTRAS | F17: VALOR ESTIMADO PARA CUSTEIO DE VIAGENS (NÃO SE APLICA) | G17: VALOR MENSAL (ESTIMADO) | H17: VALOR ANUAL (ESTIMADO)
A18: ='IV-Recepcionista'!B132 -> Recepcionista | B18: 150h | C18: ='IV-Recepcionista'!D132 -> 8 | D18: ='IV-Recepcionista'!E132 -> 5031.5114 | E18: ='IV-Recepcionista'!F132 -> 3265.6792 | F18: 0 | G18: =C18*D18+E18+F18 -> 43517.771 | H18: =G18*12 -> 522213.25
A19: ITEM 5
A20: DESCRIÇÃO | B20: CARGA HORÁRIA | C20: QTD | D20: VALOR PROPOSTO POR EMPREGADO | E20: VALOR ESTIMADO HORAS EXTRAS | F20: VALOR ESTIMADO PARA CUSTEIO DE VIAGENS (NÃO SE APLICA) | G20: VALOR MENSAL (ESTIMADO) | H20: VALOR ANUAL (ESTIMADO)
A21: ='V-Assistente Administrativo '!B132 -> Assistente Administrativo I | B21: 150h | C21: ='V-Assistente Administrativo '!D132 -> 4 | D21: ='V-Assistente Administrativo '!E132 -> 4728.2247 | E21: ='V-Assistente Administrativo '!F132 -> 1343.0522 | F21: 0 | G21: =C21*D21+E21+F21 -> 20255.951 | H21: =G21*12 -> 243071.41
A22: ITEM 6
A23: DESCRIÇÃO | B23: CARGA HORÁRIA | C23: QTD | D23: VALOR PROPOSTO POR EMPREGADO | E23: VALOR ESTIMADO HORAS EXTRAS | F23: VALOR ESTIMADO PARA CUSTEIO DE VIAGENS (NÃO SE APLICA) | G23: VALOR MENSAL (ESTIMADO) | H23: VALOR ANUAL (ESTIMADO)
A24: ='VI-Assistente Adm. MHMTT'!B132 -> Assistente Administrativo - MHMTT | B24: 150h | C24: ='VI-Assistente Adm. MHMTT'!D132 -> 1 | D24: ='VI-Assistente Adm. MHMTT'!E132 -> 5243.8209 | E24: ='VI-Assistente Adm. MHMTT'!F132 -> 375.76842 | F24: 0 | G24: =C24*D24+E24+F24 -> 5619.5893 | H24: =G24*12 -> 67435.071
A25: ITEM 7
A26: DESCRIÇÃO | B26: CARGA HORÁRIA | C26: QTD | D26: VALOR PROPOSTO POR EMPREGADO | E26: VALOR ESTIMADO HORAS EXTRAS | F26: VALOR ESTIMADO PARA CUSTEIO DE VIAGENS | G26: VALOR MENSAL (ESTIMADO) | H26: VALOR ANUAL (ESTIMADO)
A27: ='VII-Motorista I'!B137 -> Motorista Executivo I | B27: 150h | C27: ='VII-Motorista I'!C137 -> 1 | D27: ='VII-Motorista I'!D137 -> 7063.4571 | E27: ='VII-Motorista I'!E137 -> 1074.7882 | F27: ='VII-Motorista I'!F137 -> 1420.9523 | G27: =C27*D27+E27+F27 -> 9559.1976 | H27: =G27*12 -> 114710.37
A28: ITEM 8
A29: DESCRIÇÃO | B29: CARGA HORÁRIA | C29: QTD | D29: VALOR PROPOSTO POR EMPREGADO | E29: VALOR ESTIMADO HORAS EXTRAS | F29: VALOR ESTIMADO PARA CUSTEIO DE VIAGENS | G29: VALOR MENSAL (ESTIMADO) | H29: VALOR ANUAL (ESTIMADO)
A30: ='VIII-Motorista II'!B137 -> Motorista Executivo II | B30: 150h | C30: ='VIII-Motorista II'!C137 -> 1 | D30: ='VIII-Motorista II'!D137 -> 8509.4533 | E30: ='VIII-Motorista II'!E137 -> 1397.2247 | F30: ='VIII-Motorista II'!F137 -> 1420.9523 | G30: =C30*D30+E30+F30 -> 11327.63 | H30: =G30*12 -> 135931.56
A32: VALOR CONTRATUAL TOTAL DOS SERVIÇO COM HORAS EXTRAS, NOTURNAS E DIÁRIAS/INDENIZAÇÕES | I32: =H9+H12+H15+H18+H21+H27+H24+H30 -> 1527941.5

Sheet RESUMO
B2: VALOR DO CONTRATO PREVISTO | I2: 1838527.1
B4: QUADRO RESUMO
B5: Item | C5: Local de prestação do serviço | D5: Categoria | E5: Carga Horária | F5: Valor proposto por empregado (B) | G5: Qtde. de empregados por posto (C) | H5: Valor proposto por posto (D)=(BxC) | I5: Qtde. de postos (E) | J5: Valor total do serviço ANUAL
B6: 1 | C6: CÂMARA MUNICIPAL DE POUSO ALEGRE MG | D6: COPEIRO | E6: 44 horas semanais | F6: ='I-Copeiragem'!E132+'I-Copeiragem'!F132 -> 4741.7986 | G6: 2 | H6: ='I-Copeiragem'!G132 -> 8123.1905 | I6: 1 | J6: =H6*12 -> 97478.286 | N6: DESCONTO NO CONTRATO
B7: 2 | C7: CÂMARA MUNICIPAL DE POUSO ALEGRE MG | D7: SERVENTE DE LIMPEZA | E7: 44 horas semanais | F7: ='II-Servente de Limpeza'!E132+'II-Servente de Limpeza'!F132 -> 5157.5776 | G7: 5 | H7: ='II-Servente de Limpeza'!G132 -> 22746.827 | I7: 1 | J7: =H7*G17 -> 272961.92 | N7: =I2-I17 -> 310585.59
B8: 3 | C8: CÂMARA MUNICIPAL DE POUSO ALEGRE MG | D8: AUXILIAR DE MANUTENÇÃO.P | E8: 44 horas semanais | F8: ='III-Aux. de Manutenção Predial'!E132+'III-Aux. de Manutenção Predial'!F132 -> 6178.302 | G8: 1 | H8: ='III-Aux. de Manutenção Predial'!G132 -> 6178.302 | I8: 1 | J8: =H8*G17 -> 74139.624
B9: 4 | C9: CÂMARA MUNICIPAL DE POUSO ALEGRE MG | D9: RECEPCIONISTA | E9: 44 horas semanais | F9: ='IV-Recepcionista'!E132+'IV-Recepcionista'!F132 -> 8297.1906 | G9: 8 | H9: ='IV-Recepcionista'!G132 -> 43517.771 | I9: 1 | J9: =H9*G17 -> 522213.25
B10: 5 | C10: CÂMARA MUNICIPAL DE POUSO ALEGRE MG | D10: ASSISTENTE ADM 1 | E10: 44 horas semanais | F10: ='V-Assistente Administrativo '!E132+'V-Assistente Administrativo '!F132 -> 6071.2768 | G10: 4 | H10: ='V-Assistente Administrativo '!G132 -> 20255.951 | I10: 1 | J10: =H10*G17 -> 243071.41
B11: 6 | C11: CÂMARA MUNICIPAL DE POUSO ALEGRE MG | D11: ASSISTENTE ADM 2 MHMTT | E11: 44 horas semanais | F11: ='VI-Assistente Adm. MHMTT'!E132+'VI-Assistente Adm. MHMTT'!F132 -> 5619.5893 | G11: 1 | H11: ='VI-Assistente Adm. MHMTT'!G132 -> 5619.5893 | I11: 1 | J11: =H11*G17 -> 67435.071
B12: 7 | C12: CÂMARA MUNICIPAL DE POUSO ALEGRE MG | D12: MOTORISTA EXECUTIVO 1 | E12: 44 horas semanais | F12: ='VII-Motorista I'!D137+'VII-Motorista I'!E137+'VII-Motorista I'!F137 -> 9559.1976 | G12: 1 | H12: ='VII-Motorista I'!G137 -> 9559.1976 | I12: 1 | J12: =H12*G17 -> 114710.37
B13: 8 | C13: CÂMARA MUNICIPAL DE POUSO ALEGRE MG | D13: MOTORISTA EXECUTIVO 2 | E13: 44 horas semanais | F13: ='VIII-Motorista II'!D137+'VIII-Motorista II'!E137+'VIII-Motorista II'!F137 -> 11327.63 | G13: 1 | H13: ='VIII-Motorista II'!G137 -> 11327.63 | I13: 1 | J13: =H13*G17 -> 135931.56
G14: TOTAL COLABORADORES | H14: TOTAL MÊS | J14: TOTAL ANUAL
C15: 1543795.4 | G15: =SUM(G6:G14) -> 23 | H15: =SUM(H6:H14) -> 127328.46 | J15: =SUM(J6:J14) -> 1527941.5 | M15: =C15-I17 -> 15853.906
A17: Valor total do contrato Final | G17: 12 | H17: MESES | I17: =SUM(H15*G17) -> 1527941.5 | K17: VALOR MINIMO

Sheet I-Copeiragem
A1: PLANILHA DE CUSTOS E FORMAÇÃO DE PREÇOS
A2: SERVIÇOS DE COPEIRAGEM
A3: Razão Social:
A4: CNPJ: | E4: Pregão n°: 05/2024 | F4: Data:
A6: DISCRIMINAÇÃO DOS SERVIÇOS
A7: A | B7: Data de apresentação da proposta (dia/mês/ano) | F7: 45520
A8: B | B8: Município/UF | F8: Pouso Alegre-MG
A9: C | B9: Ano Acordo, Convenção ou Sentença Normativa em Dissídio Coletivo | F9: SINSERHT-MG 12/06/2024(NUMERO DO PROCESSO 13621.212174/2024-33)
A10: D | B10: No. Registro acordo convenção coletiva | F10: MG002103/2024
A11: E | B11: Nº de meses de execução contratual | F11: 12 meses prorrogáveis até vigência decenal
A13: IDENTIFICAÇÃO DO SERVIÇO
A14: Unidade | B14: Tipo de Serviço | F14: Quantidade a contratar
A15: Postos | B15: Copeiro | F15: 2
A16: DADOS COMPLEMENTARES PARA CUSTOS REFERENTES À MÃO DE OBRA
A17: A | B17: Salário Normativo da categoria Profissional Vigente | F17: 1529
A18: B | B18: Salário-mínimo vigente | F18: 1412
A19: C | B19: Categoria profissional | F19: Copeiro
A20: D | B20: Data-base da categoria
A22: MÓDULO 1 - COMPOSIÇÃO DA REMUNERAÇÃO
A23: 1 | B23: Composição da Remuneração: | F23: % | G23: Valor (R$)
A24: A | B24: Salário Base | G24: 1529
A25: B | B25: Adicionais (especificar) | G25: =G24*F25 -> 0
A26: *Adicionais de horas extras e noturno extra em planilha à parte
A27: Valor Total da Remuneração: | G27: =SUM(G24:G26) -> 1529
A29: MÓDULO 2 - ENCARGOS SOCIAIS E TRABALHISTAS INCIDENTES SOBRE A REMUNERAÇÃO
A31: Grupo 2.1 | B31: Encargos Previdenciários e FGTS | F31: % | G31: Valor (R$)
A32: A | B32: INSS | F32: 0.2 | G32: =$G$27*F32 -> 305.8
A33: B | B33: SESI ou SESC | F33: 0.015 | G33: =$G$27*F33 -> 22.935
A34: C | B34: SENAI ou SENAC | F34: 0.01 | G34: =$G$27*F34 -> 15.29
A35: D | B35: INCRA | F35: 0.002 | G35: =$G$27*F35 -> 3.058
A36: E | B36: Salário educação | F36: 0.025 | G36: =$G$27*F36 -> 38.225
A37: F | B37: FGTS | F37: 0.08 | G37: =$G$27*F37 -> 122.32
A38: G | B38: RAT (Risco Ambiental do Trabalho) x FAP (no máximo 2,00%) | F38: 0.005 | G38: =$G$27*F38 -> 7.645
A39: H | B39: SEBRAE | F39: 0.006 | G39: =$G$27*F39 -> 9.174
A40: Valor Total dos encargos previdenciários e FGTS: | F40: =SUM(F32:F39) -> 0.343 | G40: =SUM(G32:G39) -> 524.447
A42: Grupo 2.2 | B42: 13º Salário e Afastamentos | F42: % | G42: Valor (R$)
A43: A | B43: 13º Salário | F43: 0.08333 | G43: =SUM($G$27*F43) -> 127.41157
A44: B | B44: Férias | F44: 0.0833 | G44: =G27*F44 -> 127.3657
A45: C | B45: Adicional de férias (1/3) | F45: =1/3/12 -> 0.027777778 | G45: =SUM($G$27*F45) -> 42.472222
A46: D | B46: Aviso prévio trabalhado *(1) | F46: =7/30/12 -> 0.019444444 | G46: =(G27)*F46 -> 29.730556
A47: E | B47: Ausência por doença *(2) | F47: =5/30/12 -> 0.013888889 | G47: =G27*F47 -> 21.236111
A48: F | B48: Licença Paternidade *(3) | F48: =5/30/12*0.015 -> 0.00020833333 | G48: =G27*F48 -> 0.31854167
A49: G | B49: Ausências Legais *(4) | F49: =1/30/12 -> 0.0027777778 | G49: =G27*F49 -> 4.2472222
A50: H | B50: Ausência por acidente de trabalho *(5) | F50: =15/30/12*0.08 -> 0.0033333333 | G50: =G27*F50 -> 5.0966667
A51: J | B51: Outros (especificar) | G51: =G27*F51 -> 0
B52: Subtotal: | F52: =SUM(F43:F51) -> 0.23406056 | G52: =SUM($G$27*F52) -> 357.87859
A53: K | B53: Incidência do grupo 2.1 sobre o grupo 2.2 | F53: =F40*F52 -> 0.080282771 | G53: =F53*G27 -> 122.75236
A54: Valor total do 13º Salário e Afastamentos: | F54: =SUM(F52:F53) -> 0.31434333 | G54: =G52+G53 -> 480.63095
A56: Grupo 2.3 | B56: Afastamento Maternidade | F56: % | G56: Valor (R$)
A57: A | B57: Afastamento Maternidade *(6) | F57: =4/12*0.02 -> 0.0066666667 | G57: =G27*F57 -> 10.193333
A58: B | B58: Férias sobre licença maternidade *(7) | F58: =0.1111*0.02*4/12 -> 0.00074066667 | G58: =G27*F58 -> 1.1324793
B59: Subtotal: | F59: =SUM(F57:F58) -> 0.0074073333 | G59: =SUM($G$27*F59) -> 11.325813
A60: C | B60: Incidência do grupo 2.1 sobre o grupo 2.3 | F60: =F59*F40 -> 0.0025407153 | G60: =F60*G27 -> 3.8847537
A61: Valor total do Afastamento Maternidade: | F61: =SUM(F59:F60) -> 0.0099480487 | G61: =SUM(G59:G60) -> 15.210566
A63: Grupo 2.4 | B63: Provisão para Rescisão | F63: % | G63: Valor (R$)
A64: A | B64: Aviso Prévio Indenizado *(8) | F64: =0.05*1/12 -> 0.0041666667 | G64: =($G$27)*F64 -> 6.3708333
A65: B | B65: Indenização Adicional *(9) | F65: =0.02*1/12 -> 0.0016666667 | G65: =($G$27)*F65 -> 2.5483333
A66: C | B66: Indenização (rescisão sem justa causa - multa de 40% do FGTS) *(10) | F66: =1*0.4*0.08 -> 0.032 | G66: =($G$27)*F66 -> 48.928
A67: Subtotal: | F67: =SUM(F64:F66) -> 0.037833333 | G67: =SUM(G64:G66) -> 57.847167
A68: D | B68: Incidência do FGTS sobre o aviso prévio indenizado | F68: =F37*F64 -> 0.00033333333 | G68: =F68*$G$27 -> 0.50966667
A69: E | B69: Incidência do FGTS sobre o período médio de afastamento superior a 15 dias motivado por acidente de trabalho | F69: =F37*F50 -> 0.00026666667 | G69: =F69*$G$27 -> 0.40773333
A70: Valor total da Provisão para Rescisão: | F70: =SUM(F67:F69) -> 0.038433333 | G70: =SUM(G67:G69) -> 58.764567
A72: QUADRO RESUMO - ENCARGOS SOCIAIS E TRABALHISTAS
A73: 2 | B73: Encargos Sociais e Trabalhistas | F73: % | G73: Valor (R$)
A74: 2.1 | B74: Encargos Previdenciários e FGTS | F74: =F40 -> 0.343 | G74: =G40 -> 524.447
A75: 2.2 | B75: 13º Salário e Afastamentos | F75: =F54 -> 0.31434333 | G75: =G54 -> 480.63095
A76: 2.3 | B76: Afastamento Maternidade | F76: =F61 -> 0.0099480487 | G76: =G61 -> 15.210566
A77: 2.4 | B77: Provisão para Rescisão | F77: =F70 -> 0.038433333 | G77: =G70 -> 58.764567
A78: Valor Total de encargos sociais e trabalhistas: | F78: =SUM(F74:F77) -> 0.70572471 | G78: =SUM(G74:G77) -> 1079.0531
A80: MÓDULO 3 - BENEFÍCIOS MENSAIS E DIÁRIOS
A81: 3 | B81: Benefícios Mensais e Diários (deduzida parcela do empregado) | F81: % | G81: Valor (R$)
A82: A | B82: Transporte | G82: 132
A83: A1 | B83: Desconto legal sobre transporte (máximo de 6% sobre o salário base) | F83: 0.06 | G83: =IF(G24*F83>G82,-G82,-(G24*F83)) -> -91.74
A84: B | B84: Auxílio alimentação | G84: 594
A85: B1 | B85: Desconto Legal sobre auxilio alimentação (até 20%) | F85: 0.2 | G85: =-(G84*F85) -> -118.8
A86: C | B86: Assistência médica e Familiar | G86: 0
A87: D | B87: Auxílio creche
A88: E | B88: Seguro de vida | G88: 8
A89: F | B89: Auxílio Funeral
A90: G | B90: Cesta Básica
A91: H | B91: Assistência odontológica
A92: I | B92: Outros (especificar)
A93: Valor Total de benefícios mensais e diários: | G93: =SUM(G82:G92) -> 523.46
A95: MÓDULO 4 - INSUMOS DIVERSOS
A96: 4 | B96: Insumos Diversos | G96: Valor (R$)
A97: A | B97: Uniformes | G97: 21
A98: B | B98: EPIs
A99: C | B99: Materiais
A100: D | B100: Equipamentos (ponto eletrônico, outros)
A101: G | B101: Outros (especificar)
A102: Valor Total de insumos diversos: | G102: =SUM(G97:G101) -> 21
A104: VALOR TOTAL DE REMUNERAÇÃO + ENCARGOS SOCIAIS + BENEFÍCIOS + INSUMOS | G104: =G27+G78+G93+G102 -> 3152.5131
A106: MÓDULO 5 - BONIFICAÇÃO E OUTRAS DESPESAS
A107: 5 | B107: Bonificações e outras despesas | F107: % | G107: Valor (R$)
A108: A | B108: LDI - Lucro e Despesas Indiretas | F108: 0.006 | G108: =F108*$G$104 -> 18.915078
A109: B | B109: Despesas Administrativas / Operacionais | F109: 0.006 | G109: =F109*$G$104 -> 18.915078
A110: C | B110: Outras despesas (especificar) | G110: =F110*$G$104 -> 0
A111: Valor Total de bonificações e outras despesas: | F111: =SUM(F108:F110) -> 0.012 | G111: =SUM(G108:G110) -> 37.830157
A113: MÓDULO 6 - TRIBUTAÇÃO SOBRE O FATURAMENTO
A114: 6 | B114: Tributos | F114: % | G114: Valor (R$)
...

Sheet II-Servente de Limpeza
A1: PLANILHA DE CUSTOS E FORMAÇÃO DE PREÇOS
A2: SERVIÇOS DE LIMPEZA COM INSALUBRIDADE 40%
A3: Razão Social:
A4: CNPJ: | E4: Pregão n°: 05/2024 | F4: Data:
A6: DISCRIMINAÇÃO DOS SERVIÇOS
A7: A | B7: Data de apresentação da proposta (dia/mês/ano) | F7: 45520
A8: B | B8: Município/UF | F8: Pouso Alegre-MG
A9: C | B9: Ano Acordo, Convenção ou Sentença Normativa em Dissídio Coletivo | F9: 29/02/2024 SINDICATO DOS EMPREGADOS EM EMPRESAS DE ASSEIO E CONSERVACAO DE POUSO ALEGRE E REGIAO, CNPJ n. 23.928.068/0001-30, neste ato representado(a) por seu Presidente, Sr(a). MICHELE FERREIRA DOS SANTOS MOURA;
A10: D | B10: No. Registro acordo convenção coletiva | F10: MG000705/2024(NUMERO DO PROCESSO-19980.221998/2024-00)
A11: E | B11: Nº de meses de execução contratual | F11: 12 meses prorrogáveis até vigência decenal
A13: IDENTIFICAÇÃO DO SERVIÇO
A14: Unidade | B14: Tipo de Serviço | F14: Quantidade a contratar
A15: Postos | B15: Servente de Limpeza | F15: 5
A16: DADOS COMPLEMENTARES PARA CUSTOS REFERENTES À MÃO DE OBRA
A17: A | B17: Salário Normativo da categoria Profissional Vigente | F17: 1491.84
A18: B | B18: Salário-mínimo vigente | F18: 1412
A19: C | B19: Categoria profissional | F19: Servente de Limpeza
A20: D | B20: Data-base da categoria
A22: MÓDULO 1 - COMPOSIÇÃO DA REMUNERAÇÃO
A23: 1 | B23: Composição da Remuneração: | F23: % | G23: Valor (R$)
A24: A | B24: Salário Base | G24: =F17 -> 1491.84
A25: B | B25: Adicional de insalubridade | F25: 0.4 | G25: =F18*F25 -> 564.8
A26: *Adicionais de horas extras e noturno extra em planilha à parte
A27: Valor Total da Remuneração: | G27: =SUM(G24:G26) -> 2056.64
A29: MÓDULO 2 - ENCARGOS SOCIAIS E TRABALHISTAS INCIDENTES SOBRE A REMUNERAÇÃO
A31: Grupo 2.1 | B31: Encargos Previdenciários e FGTS | F31: % | G31: Valor (R$)
A32: A | B32: INSS | F32: 0.2 | G32: =$G$27*F32 -> 411.328
A33: B | B33: SESC | F33: 0.015 | G33: =$G$27*F33 -> 30.8496
A34: C | B34: SENAC | F34: 0.01 | G34: =$G$27*F34 -> 20.5664
A35: D | B35: INCRA | F35: 0.002 | G35: =$G$27*F35 -> 4.11328
A36: E | B36: Salário educação | F36: 0.025 | G36: =$G$27*F36 -> 51.416
A37: F | B37: FGTS | F37: 0.08 | G37: =$G$27*F37 -> 164.5312
A38: G | B38: RAT (Risco Ambiental do Trabalho) x FAP | F38: 0.005 | G38: =$G$27*F38 -> 10.2832
A39: H | B39: SEBRAE | F39: 0.006 | G39: =$G$27*F39 -> 12.33984
A40: Valor Total dos encargos previdenciários e FGTS: | F40: =SUM(F32:F39) -> 0.343 | G40: =SUM(G32:G39) -> 705.42752
A42: Grupo 2.2 | B42: 13º Salário e Afastamentos | F42: % | G42: Valor (R$)
A43: A | B43: 13º Salário | F43: 0.08333 | G43: =SUM($G$27*F43) -> 171.37981
A44: B | B44: Férias | F44: 0.08333 | G44: =G27*F44 -> 171.37981
A45: C | B45: Adicional de férias (1/3) | F45: =1/3/12 -> 0.027777778 | G45: =SUM($G$27*F45) -> 57.128889
A46: D | B46: Aviso prévio trabalhado *(1) | F46: =7/30/12 -> 0.019444444 | G46: =(G27)*F46 -> 39.990222
A47: E | B47: Ausência por doença *(2) | F47: =5/30/12 -> 0.013888889 | G47: =G27*F47 -> 28.564444
A48: F | B48: Licença Paternidade *(3) | F48: =5/30/12*0.015 -> 0.00020833333 | G48: =G27*F48 -> 0.42846667
A49: G | B49: Ausências Legais *(4) | F49: =1/30/12 -> 0.0027777778 | G49: =G27*F49 -> 5.7128889
A50: H | B50: Ausência por acidente de trabalho *(5) | F50: =15/30/12*0.08 -> 0.0033333333 | G50: =G27*F50 -> 6.8554667
A51: J | B51: Outros (especificar) | G51: =G27*F51 -> 0
B52: Subtotal: | F52: =SUM(F43:F51) -> 0.23409056 | G52: =SUM($G$27*F52) -> 481.44
A53: K | B53: Incidência do grupo 2.1 sobre o grupo 2.2 | F53: =F40*F52 -> 0.080293061 | G53: =F53*G27 -> 165.13392
A54: Valor total do 13º Salário e Afastamentos: | F54: =SUM(F52:F53) -> 0.31438362 | G54: =G52+G53 -> 646.57392
A56: Grupo 2.3 | B56: Afastamento Maternidade | F56: % | G56: Valor (R$)
A57: A | B57: Afastamento Maternidade *(6) | F57: =4/12*0.02 -> 0.0066666667 | G57: =G27*F57 -> 13.710933
A58: B | B58: Férias sobre licença maternidade *(7) | F58: =0.1111*0.02*4/12 -> 0.00074066667 | G58: =G27*F58 -> 1.5232847
B59: Subtotal: | F59: =SUM(F57:F58) -> 0.0074073333 | G59: =SUM($G$27*F59) -> 15.234218
A60: C | B60: Incidência do grupo 2.1 sobre o grupo 2.3 | F60: =F59*F40 -> 0.0025407153 | G60: =F60*G27 -> 5.2253368
A61: Valor total do Afastamento Maternidade: | F61: =SUM(F59:F60) -> 0.0099480487 | G61: =SUM(G59:G60) -> 20.459555
A63: Grupo 2.4 | B63: Provisão para Rescisão | F63: % | G63: Valor (R$)
A64: A | B64: Aviso Prévio Indenizado *(8) | F64: =0.05*1/12 -> 0.0041666667 | G64: =($G$27)*F64 -> 8.5693333
A65: B | B65: Indenização Adicional *(9) | F65: =0.02*1/12 -> 0.0016666667 | G65: =($G$27)*F65 -> 3.4277333
A66: C | B66: Indenização (rescisão sem justa causa - multa de 40% do FGTS) *(10) | F66: =1*0.4*0.08 -> 0.032 | G66: =($G$27)*F66 -> 65.81248
A67: Subtotal: | F67: =SUM(F64:F66) -> 0.037833333 | G67: =SUM(G64:G66) -> 77.809547
A68: D | B68: Incidência do FGTS sobre o aviso prévio indenizado | F68: =F37*F64 -> 0.00033333333 | G68: =F68*$G$27 -> 0.68554667
A69: E | B69: Incidência do FGTS sobre o período médio de afastamento superior a 15 dias motivado por acidente de trabalho | F69: =F37*F50 -> 0.00026666667 | G69: =F69*$G$27 -> 0.54843733
A70: Valor total da Provisão para Rescisão: | F70: =SUM(F67:F69) -> 0.038433333 | G70: =SUM(G67:G69) -> 79.043531
A72: QUADRO RESUMO - ENCARGOS SOCIAIS E TRABALHISTAS
A73: 2 | B73: Encargos Sociais e Trabalhistas | F73: % | G73: Valor (R$)
A74: 2.1 | B74: Encargos Previdenciários e FGTS | F74: =F40 -> 0.343 | G74: =G40 -> 705.42752
A75: 2.2 | B75: 13º Salário e Afastamentos | F75: =F54 -> 0.31438362 | G75: =G54 -> 646.57392
A76: 2.3 | B76: Afastamento Maternidade | F76: =F61 -> 0.0099480487 | G76: =G61 -> 20.459555
A77: 2.4 | B77: Provisão para Rescisão | F77: =F70 -> 0.038433333 | G77: =G70 -> 79.043531
A78: Valor Total de encargos sociais e trabalhistas: | F78: =SUM(F74:F77) -> 0.705765 | G78: =SUM(G74:G77) -> 1451.5045
A80: MÓDULO 3 - BENEFÍCIOS MENSAIS E DIÁRIOS
A81: 3 | B81: Benefícios Mensais e Diários (deduzida parcela do empregado) | F81: % | G81: Valor (R$)
A82: A | B82: Transporte | G82: 132
A83: A1 | B83: Desconto legal sobre transporte (máximo de 6% sobre o salário base) | F83: 0.06 | G83: =IF(G24*F83>G82,-G82,-(G24*F83)) -> -89.5104
A84: B | B84: Auxílio alimentação | G84: 599.28
A85: B1 | B85: Desconto Legal sobre auxilio alimentação (até 20%) | F85: 0.2 | G85: =-(G84*F85) -> -119.856
A86: C | B86: Assistência médica e Familiar | G86: 0
A87: D | B87: Auxílio creche
A88: E | B88: Seguro de vida | G88: 8
A89: F | B89: Auxílio Funeral
A90: G | B90: Cesta Básica
A91: H | B91: Assistência odontológica | G91: 48.43
A92: I | B92: Outros (especificar)
A93: Valor Total de benefícios mensais e diários: | G93: =SUM(G82:G92) -> 578.3436
A95: MÓDULO 4 - INSUMOS DIVERSOS
A96: 4 | B96: Insumos Diversos | G96: Valor (R$)
A97: A | B97: Uniformes | G97: 13.18
A98: B | B98: EPIs
A99: C | B99: Materiais
A100: D | B100: Equipamentos (ponto eletrônico, outros)
A101: G | B101: Outros (especificar)
A102: Valor Total de insumos diversos: | G102: =SUM(G97:G101) -> 13.18
A104: VALOR TOTAL DE REMUNERAÇÃO + ENCARGOS SOCIAIS + BENEFÍCIOS + INSUMOS | G104: =G27+G78+G93+G102 -> 4099.6681
A106: MÓDULO 5 - BONIFICAÇÃO E OUTRAS DESPESAS
A107: 5 | B107: Bonificações e outras despesas | F107: % | G107: Valor (R$)
A108: A | B108: LDI - Lucro e Despesas Indiretas | F108: 0.006 | G108: =F108*$G$104 -> 24.598009
A109: B | B109: Despesas Administrativas / Operacionais | F109: 0.006 | G109: =F109*$G$104 -> 24.598009
A110: C | B110: Outras despesas (especificar) | G110: =F110*$G$104 -> 0
A111: Valor Total de bonificações e outras despesas: | F111: =SUM(F108:F110) -> 0.012 | G111: =SUM(G108:G110) -> 49.196018
A113: MÓDULO 6 - TRIBUTAÇÃO SOBRE O FATURAMENTO
A114: 6 | B114: Tributos | F114: % | G114: Valor (R$)
...

Sheet III-Aux. de Manutenção Predial
A1: PLANILHA DE CUSTOS E FORMAÇÃO DE PREÇOS
A2: SERVIÇOS DE MANUTENÇÃO PREDIAL
A3: Razão Social:
A4: CNPJ: | E4: Pregão n°: 05/2024 | F4: Data:
A6: DISCRIMINAÇÃO DOS SERVIÇOS
A7: A | B7: Data de apresentação da proposta (dia/mês/ano) | F7: 45520
A8: B | B8: Município/UF | F8: Pouso Alegre-MG
A9: C | B9: Ano Acordo, Convenção ou Sentença Normativa em Dissídio Coletivo | F9: 29/02/2024 SINDICATO DOS EMPREGADOS EM EMPRESAS DE ASSEIO E CONSERVACAO DE POUSO ALEGRE E REGIAO, CNPJ n. 23.928.068/0001-30, neste ato representado(a) por seu Presidente, Sr(a). MICHELE FERREIRA DOS SANTOS MOURA;
A10: D | B10: No. Registro acordo convenção coletiva | F10: MG000705/2024(NUMERO DO PROCESSO-19980.221998/2024-00)
A11: E | B11: Nº de meses de execução contratual | F11: 12 meses prorrogáveis até vigência decenal
A13: IDENTIFICAÇÃO DO SERVIÇO
A14: Unidade | B14: Tipo de Serviço | F14: Quantidade a contratar
A15: Postos | B15: Auxiliar de Manutenção Predial | F15: 1
A16: DADOS COMPLEMENTARES PARA CUSTOS REFERENTES À MÃO DE OBRA
A17: A | B17: Salário Normativo da categoria Profissional Vigente | F17: 2117.46
A18: B | B18: Salário-mínimo vigente | F18: 1412
A19: C | B19: Categoria profissional | F19: Auxiliar de Manutenção Predial
A20: D | B20: Data-base da categoria
A22: MÓDULO 1 - COMPOSIÇÃO DA REMUNERAÇÃO
A23: 1 | B23: Composição da Remuneração: | F23: % | G23: Valor (R$)
A24: A | B24: Salário Base | G24: 2274.82
A25: B | B25: Adicional de Periculosidade | F25: 0.3 | G25: =G24*F25 -> 682.446
A26: *Adicionais de horas extras e noturno extra em planilha à parte
A27: Valor Total da Remuneração: | G27: =SUM(G24:G26) -> 2957.266
A29: MÓDULO 2 - ENCARGOS SOCIAIS E TRABALHISTAS INCIDENTES SOBRE A REMUNERAÇÃO
A31: Grupo 2.1 | B31: Encargos Previdenciários e FGTS | F31: % | G31: Valor (R$)
A32: A | B32: INSS | F32: 0.2 | G32: =$G$27*F32 -> 591.4532
A33: B | B33: SESI ou SESC | F33: 0.015 | G33: =$G$27*F33 -> 44.35899
A34: C | B34: SENAI ou SENAC | F34: 0.01 | G34: =$G$27*F34 -> 29.57266
A35: D | B35: INCRA | F35: 0.002 | G35: =$G$27*F35 -> 5.914532
A36: E | B36: Salário educação | F36: 0.025 | G36: =$G$27*F36 -> 73.93165
A37: F | B37: FGTS | F37: 0.08 | G37: =$G$27*F37 -> 236.58128
A38: G | B38: RAT (Risco Ambiental do Trabalho) x FAP | F38: 0.005 | G38: =$G$27*F38 -> 14.78633
A39: H | B39: SEBRAE | F39: 0.006 | G39: =$G$27*F39 -> 17.743596
A40: Valor Total dos encargos previdenciários e FGTS: | F40: =SUM(F32:F39) -> 0.343 | G40: =SUM(G32:G39) -> 1014.3422
A42: Grupo 2.2 | B42: 13º Salário e Afastamentos | F42: % | G42: Valor (R$)
A43: A | B43: 13º Salário | F43: 0.08333 | G43: =SUM($G$27*F43) -> 246.42898
A44: B | B44: Férias | F44: 0.0833 | G44: =G27*F44 -> 246.34026
A45: C | B45: Adicional de férias (1/3) | F45: =1/3/12 -> 0.027777778 | G45: =SUM($G$27*F45) -> 82.146278
A46: D | B46: Aviso prévio trabalhado *(1) | F46: =7/30/12 -> 0.019444444 | G46: =(G27)*F46 -> 57.502394
A47: E | B47: Ausência por doença *(2) | F47: =5/30/12 -> 0.013888889 | G47: =G27*F47 -> 41.073139
A48: F | B48: Licença Paternidade *(3) | F48: =5/30/12*0.015 -> 0.00020833333 | G48: =G27*F48 -> 0.61609708
A49: G | B49: Ausências Legais *(4) | F49: =1/30/12 -> 0.0027777778 | G49: =G27*F49 -> 8.2146278
A50: H | B50: Ausência por acidente de trabalho *(5) | F50: =15/30/12*0.08 -> 0.0033333333 | G50: =G27*F50 -> 9.8575533
A51: J | B51: Outros (especificar) | G51: =G27*F51 -> 0
B52: Subtotal: | F52: =SUM(F43:F51) -> 0.23406056 | G52: =SUM($G$27*F52) -> 692.17932
A53: K | B53: Incidência do grupo 2.1 sobre o grupo 2.2 | F53: =F40*F52 -> 0.080282771 | G53: =F53*G27 -> 237.41751
A54: Valor total do 13º Salário e Afastamentos: | F54: =SUM(F52:F53) -> 0.31434333 | G54: =G52+G53 -> 929.59683
A56: Grupo 2.3 | B56: Afastamento Maternidade | F56: % | G56: Valor (R$)
A57: A | B57: Afastamento Maternidade *(6) | F57: =4/12*0.02 -> 0.0066666667 | G57: =G27*F57 -> 19.715107
A58: B | B58: Férias sobre licença maternidade *(7) | F58: =0.1111*0.02*4/12 -> 0.00074066667 | G58: =G27*F58 -> 2.1903484
B59: Subtotal: | F59: =SUM(F57:F58) -> 0.0074073333 | G59: =SUM($G$27*F59) -> 21.905455
A60: C | B60: Incidência do grupo 2.1 sobre o grupo 2.3 | F60: =F59*F40 -> 0.0025407153 | G60: =F60*G27 -> 7.5135711
A61: Valor total do Afastamento Maternidade: | F61: =SUM(F59:F60) -> 0.0099480487 | G61: =SUM(G59:G60) -> 29.419026
A63: Grupo 2.4 | B63: Provisão para Rescisão | F63: % | G63: Valor (R$)
A64: A | B64: Aviso Prévio Indenizado *(8) | F64: =0.05*1/12 -> 0.0041666667 | G64: =($G$27)*F64 -> 12.321942
A65: B | B65: Indenização Adicional *(9) | F65: =0.02*1/12 -> 0.0016666667 | G65: =($G$27)*F65 -> 4.9287767
A66: C | B66: Indenização (rescisão sem justa causa - multa de 40% do FGTS) *(10) | F66: =1*0.4*0.08 -> 0.032 | G66: =($G$27)*F66 -> 94.632512
A67: Subtotal: | F67: =SUM(F64:F66) -> 0.037833333 | G67: =SUM(G64:G66) -> 111.88323
A68: D | B68: Incidência do FGTS sobre o aviso prévio indenizado | F68: =F37*F64 -> 0.00033333333 | G68: =F68*$G$27 -> 0.98575533
A69: E | B69: Incidência do FGTS sobre o período médio de afastamento superior a 15 dias motivado por acidente de trabalho | F69: =F37*F50 -> 0.00026666667 | G69: =F69*$G$27 -> 0.78860427
A70: Valor total da Provisão para Rescisão: | F70: =SUM(F67:F69) -> 0.038433333 | G70: =SUM(G67:G69) -> 113.65759
A72: QUADRO RESUMO - ENCARGOS SOCIAIS E TRABALHISTAS
A73: 2 | B73: Encargos Sociais e Trabalhistas | F73: % | G73: Valor (R$)
A74: 2.1 | B74: Encargos Previdenciários e FGTS | F74: =F40 -> 0.343 | G74: =G40 -> 1014.3422
A75: 2.2 | B75: 13º Salário e Afastamentos | F75: =F54 -> 0.31434333 | G75: =G54 -> 929.59683
A76: 2.3 | B76: Afastamento Maternidade | F76: =F61 -> 0.0099480487 | G76: =G61 -> 29.419026
A77: 2.4 | B77: Provisão para Rescisão | F77: =F70 -> 0.038433333 | G77: =G70 -> 113.65759
A78: Valor Total de encargos sociais e trabalhistas: | F78: =SUM(F74:F77) -> 0.70572471 | G78: =SUM(G74:G77) -> 2087.0157
A80: MÓDULO 3 - BENEFÍCIOS MENSAIS E DIÁRIOS
A81: 3 | B81: Benefícios Mensais e Diários (deduzida parcela do empregado) | F81: % | G81: Valor (R$)
A82: A | B82: Transporte | G82: 132
A83: A1 | B83: Desconto legal sobre transporte (máximo de 6% sobre o salário base) | F83: 0.06 | G83: =IF(G24*F83>G82,-G82,-(G24*F83)) -> -132
A84: B | B84: Auxílio alimentação | G84: 599.28
A85: B1 | B85: Desconto Legal sobre auxilio alimentação (até 20%) | F85: 0.2 | G85: =-(G84*F85) -> -119.856
A86: C | B86: Assistência médica e Familiar
A87: D | B87: Auxílio creche
A88: E | B88: Seguro de vida | G88: 8
A89: F | B89: Auxílio Funeral
A90: G | B90: Cesta Básica
A91: H | B91: Assistência odontológica | G91: 48.43
A92: I | B92: Outros (especificar)
A93: Valor Total de benefícios mensais e diários: | G93: =SUM(G82:G92) -> 535.854
A95: MÓDULO 4 - INSUMOS DIVERSOS
A96: 4 | B96: Insumos Diversos | G96: Valor (R$)
A97: A | B97: Uniformes | G97: 15
A98: B | B98: EPIs
A99: C | B99: Materiais
A100: D | B100: Equipamentos (ponto eletrônico, outros)
A101: G | B101: Outros (especificar)
A102: Valor Total de insumos diversos: | G102: =SUM(G97:G101) -> 15
A104: VALOR TOTAL DE REMUNERAÇÃO + ENCARGOS SOCIAIS + BENEFÍCIOS + INSUMOS | G104: =G27+G78+G93+G102 -> 5595.1357
A106: MÓDULO 5 - BONIFICAÇÃO E OUTRAS DESPESAS
A107: 5 | B107: Bonificações e outras despesas | F107: % | G107: Valor (R$)
A108: A | B108: LDI - Lucro e Despesas Indiretas | F108: 0.006 | G108: =F108*$G$104 -> 33.570814
A109: B | B109: Despesas Administrativas / Operacionais | F109: 0.006 | G109: =F109*$G$104 -> 33.570814
A110: C | B110: Outras despesas (especificar) | G110: =F110*$G$104 -> 0
A111: Valor Total de bonificações e outras despesas: | F111: =SUM(F108:F110) -> 0.012 | G111: =SUM(G108:G110) -> 67.141628
A113: MÓDULO 6 - TRIBUTAÇÃO SOBRE O FATURAMENTO
A114: 6 | B114: Tributos | F114: % | G114: Valor (R$)
...

Sheet IV-Recepcionista
A1: PLANILHA DE CUSTOS E FORMAÇÃO DE PREÇOS
A2: SERVIÇOS DE RECEPCIONISTA
A3: Razão Social:
A4: CNPJ: | E4: Pregão n°: 05/2024 | F4: Data:
A6: DISCRIMINAÇÃO DOS SERVIÇOS
A7: A | B7: Data de apresentação da proposta (dia/mês/ano) | F7: 45520
A8: B | B8: Município/UF | F8: Pouso Alegre-MG
A9: C | B9: Ano Acordo, Convenção ou Sentença Normativa em Dissídio Coletivo | F9: 29/02/2024 SINDICATO DOS EMPREGADOS EM EMPRESAS DE ASSEIO E CONSERVACAO DE POUSO ALEGRE E REGIAO, CNPJ n. 23.928.068/0001-30, neste ato representado(a) por seu Presidente, Sr(a). MICHELE FERREIRA DOS SANTOS MOURA;
A10: D | B10: No. Registro acordo convenção coletiva | F10: MG000705/2024(NUMERO DO PROCESSO-19980.221998/2024-00)
A11: E | B11: Nº de meses de execução contratual | F11: 12 meses prorrogáveis até vigência decenal
A13: IDENTIFICAÇÃO DO SERVIÇO
A14: Unidade | B14: Tipo de Serviço | F14: Quantidade a contratar
A15: Postos | B15: Recepcionista | F15: 8
A16: DADOS COMPLEMENTARES PARA CUSTOS REFERENTES À MÃO DE OBRA
A17: A | B17: Salário Normativo da categoria Profissional Vigente | F17: 2433.62
A18: B | B18: Salário-mínimo vigente | F18: 1412
A19: C | B19: Categoria profissional | F19: Recepcionista
A20: D | B20: Data-base da categoria
A22: MÓDULO 1 - COMPOSIÇÃO DA REMUNERAÇÃO
A23: 1 | B23: Composição da Remuneração: | F23: % | G23: Valor (R$)
A24: A | B24: Salário Base | G24: =F17 -> 2433.62
A25: B | B25: Adicionais (especificar) | G25: =G24*F25 -> 0
A26: *Adicionais de horas extras e noturno extra em planilha à parte
A27: Valor Total da Remuneração: | G27: =SUM(G24:G26) -> 2433.62
A29: MÓDULO 2 - ENCARGOS SOCIAIS E TRABALHISTAS INCIDENTES SOBRE A REMUNERAÇÃO
A31: Grupo 2.1 | B31: Encargos Previdenciários e FGTS | F31: % | G31: Valor (R$)
A32: A | B32: INSS | F32: 0.2 | G32: =$G$27*F32 -> 486.724
A33: B | B33: SESI ou SESC | F33: 0.015 | G33: =$G$27*F33 -> 36.5043
A34: C | B34: SENAI ou SENAC | F34: 0.01 | G34: =$G$27*F34 -> 24.3362
A35: D | B35: INCRA | F35: 0.002 | G35: =$G$27*F35 -> 4.86724
A36: E | B36: Salário educação | F36: 0.025 | G36: =$G$27*F36 -> 60.8405
A37: F | B37: FGTS | F37: 0.08 | G37: =$G$27*F37 -> 194.6896
A38: G | B38: RAT (Risco Ambiental do Trabalho) x FAP | F38: 0.005 | G38: =$G$27*F38 -> 12.1681
A39: H | B39: SEBRAE | F39: 0.006 | G39: =$G$27*F39 -> 14.60172
A40: Valor Total dos encargos previdenciários e FGTS: | F40: =SUM(F32:F39) -> 0.343 | G40: =SUM(G32:G39) -> 834.73166
A42: Grupo 2.2 | B42: 13º Salário e Afastamentos | F42: % | G42: Valor (R$)
A43: A | B43: 13º Salário | F43: 0.08333 | G43: =SUM($G$27*F43) -> 202.79355
A44: B | B44: Férias | F44: 0.0833 | G44: =G27*F44 -> 202.72055
A45: C | B45: Adicional de férias (1/3) | F45: =1/3/12 -> 0.027777778 | G45: =SUM($G$27*F45) -> 67.600556
A46: D | B46: Aviso prévio trabalhado *(1) | F46: =7/30/12 -> 0.019444444 | G46: =(G27)*F46 -> 47.320389
A47: E | B47: Ausência por doença *(2) | F47: =5/30/12 -> 0.013888889 | G47: =G27*F47 -> 33.800278
A48: F | B48: Licença Paternidade *(3) | F48: =5/30/12*0.015 -> 0.00020833333 | G48: =G27*F48 -> 0.50700417
A49: G | B49: Ausências Legais *(4) | F49: =1/30/12 -> 0.0027777778 | G49: =G27*F49 -> 6.7600556
A50: H | B50: Ausência por acidente de trabalho *(5) | F50: =15/30/12*0.08 -> 0.0033333333 | G50: =G27*F50 -> 8.1120667
A51: J | B51: Outros (especificar) | G51: =G27*F51 -> 0
B52: Subtotal: | F52: =SUM(F43:F51) -> 0.23406056 | G52: =SUM($G$27*F52) -> 569.61445
A53: K | B53: Incidência do grupo 2.1 sobre o grupo 2.2 | F53: =F40*F52 -> 0.080282771 | G53: =F53*G27 -> 195.37776
A54: Valor total do 13º Salário e Afastamentos: | F54: =SUM(F52:F53) -> 0.31434333 | G54: =G52+G53 -> 764.99221
A56: Grupo 2.3 | B56: Afastamento Maternidade | F56: % | G56: Valor (R$)
A57: A | B57: Afastamento Maternidade *(6) | F57: =4/12*0.02 -> 0.0066666667 | G57: =G27*F57 -> 16.224133
A58: B | B58: Férias sobre licença maternidade *(7) | F58: =0.1111*0.02*4/12 -> 0.00074066667 | G58: =G27*F58 -> 1.8025012
B59: Subtotal: | F59: =SUM(F57:F58) -> 0.0074073333 | G59: =SUM($G$27*F59) -> 18.026635
A60: C | B60: Incidência do grupo 2.1 sobre o grupo 2.3 | F60: =F59*F40 -> 0.0025407153 | G60: =F60*G27 -> 6.1831356
A61: Valor total do Afastamento Maternidade: | F61: =SUM(F59:F60) -> 0.0099480487 | G61: =SUM(G59:G60) -> 24.20977
A63: Grupo 2.4 | B63: Provisão para Rescisão | F63: % | G63: Valor (R$)
A64: A | B64: Aviso Prévio Indenizado *(8) | F64: =0.05*1/12 -> 0.0041666667 | G64: =($G$27)*F64 -> 10.140083
A65: B | B65: Indenização Adicional *(9) | F65: =0.02*1/12 -> 0.0016666667 | G65: =($G$27)*F65 -> 4.0560333
A66: C | B66: Indenização (rescisão sem justa causa - multa de 40% do FGTS) *(10) | F66: =1*0.4*0.08 -> 0.032 | G66: =($G$27)*F66 -> 77.87584
A67: Subtotal: | F67: =SUM(F64:F66) -> 0.037833333 | G67: =SUM(G64:G66) -> 92.071957
A68: D | B68: Incidência do FGTS sobre o aviso prévio indenizado | F68: =F37*F64 -> 0.00033333333 | G68: =F68*$G$27 -> 0.81120667
A69: E | B69: Incidência do FGTS sobre o período médio de afastamento superior a 15 dias motivado por acidente de trabalho | F69: =F37*F50 -> 0.00026666667 | G69: =F69*$G$27 -> 0.64896533
A70: Valor total da Provisão para Rescisão: | F70: =SUM(F67:F69) -> 0.038433333 | G70: =SUM(G67:G69) -> 93.532129
A72: QUADRO RESUMO - ENCARGOS SOCIAIS E TRABALHISTAS
A73: 2 | B73: Encargos Sociais e Trabalhistas | F73: % | G73: Valor (R$)
A74: 2.1 | B74: Encargos Previdenciários e FGTS | F74: =F40 -> 0.343 | G74: =G40 -> 834.73166
A75: 2.2 | B75: 13º Salário e Afastamentos | F75: =F54 -> 0.31434333 | G75: =G54 -> 764.99221
A76: 2.3 | B76: Afastamento Maternidade | F76: =F61 -> 0.0099480487 | G76: =G61 -> 24.20977
A77: 2.4 | B77: Provisão para Rescisão | F77: =F70 -> 0.038433333 | G77: =G70 -> 93.532129
A78: Valor Total de encargos sociais e trabalhistas: | F78: =SUM(F74:F77) -> 0.70572471 | G78: =SUM(G74:G77) -> 1717.4658
A80: MÓDULO 3 - BENEFÍCIOS MENSAIS E DIÁRIOS
A81: 3 | B81: Benefícios Mensais e Diários (deduzida parcela do empregado) | F81: % | G81: Valor (R$)
A82: A | B82: Transporte | G82: 132
A83: A1 | B83: Desconto legal sobre transporte (máximo de 6% sobre o salário base) | F83: 0.06 | G83: =IF(G24*F83>G82,-G82,-(G24*F83)) -> -132
A84: B | B84: Auxílio alimentação | G84: 599.28
A85: B1 | B85: Desconto Legal sobre auxilio alimentação (até 20%) | F85: 0.2 | G85: =-(G84*F85) -> -119.856
A86: C | B86: Assistência médica e Familiar
A87: D | B87: Auxílio creche
A88: E | B88: Seguro de vida | G88: 8
A89: F | B89: Auxílio Funeral
A90: G | B90: Cesta Básica
A91: H | B91: Assistência odontológica | G91: 48.43
A92: I | B92: Outros (especificar)
A93: Valor Total de benefícios mensais e diários: | G93: =SUM(G82:G92) -> 535.854
A95: MÓDULO 4 - INSUMOS DIVERSOS
A96: 4 | B96: Insumos Diversos | G96: Valor (R$)
A97: A | B97: Uniformes | G97: 4
A98: B | B98: EPIs
A99: C | B99: Materiais
A100: D | B100: Equipamentos (ponto eletrônico, outros)
A101: G | B101: Outros (especificar)
A102: Valor Total de insumos diversos: | G102: =SUM(G97:G101) -> 4
A104: VALOR TOTAL DE REMUNERAÇÃO + ENCARGOS SOCIAIS + BENEFÍCIOS + INSUMOS | G104: =G27+G78+G93+G102 -> 4690.9398
A106: MÓDULO 5 - BONIFICAÇÃO E OUTRAS DESPESAS
A107: 5 | B107: Bonificações e outras despesas | F107: % | G107: Valor (R$)
A108: A | B108: LDI - Lucro e Despesas Indiretas | F108: 0.006 | G108: =F108*$G$104 -> 28.145639
A109: B | B109: Despesas Administrativas / Operacionais | F109: 0.006 | G109: =F109*$G$104 -> 28.145639
A110: C | B110: Outras despesas (especificar) | G110: =F110*$G$104 -> 0
A111: Valor Total de bonificações e outras despesas: | F111: =SUM(F108:F110) -> 0.012 | G111: =SUM(G108:G110) -> 56.291277
A113: MÓDULO 6 - TRIBUTAÇÃO SOBRE O FATURAMENTO
A114: 6 | B114: Tributos | F114: % | G114: Valor (R$)
...

Sheet V-Assistente Administrativo 
A1: PLANILHA DE CUSTOS E FORMAÇÃO DE PREÇOS
A2: SERVIÇOS DE AUXILIAR ADMINISTRATIVO
A3: Razão Social:
A4: CNPJ: | E4: Pregão n°: 05/2024 | F4: Data:
A6: DISCRIMINAÇÃO DOS SERVIÇOS
A7: A | B7: Data de apresentação da proposta (dia/mês/ano) | F7: 45520
A8: B | B8: Município/UF | F8: Pouso Alegre-MG
A9: C | B9: Ano Acordo, Convenção ou Sentença Normativa em Dissídio Coletivo | F9: 29/02/2024 SINDICATO DOS EMPREGADOS EM EMPRESAS DE ASSEIO E CONSERVACAO DE POUSO ALEGRE E REGIAO, CNPJ n. 23.928.068/0001-30, neste ato representado(a) por seu Presidente, Sr(a). MICHELE FERREIRA DOS SANTOS MOURA;
A10: D | B10: No. Registro acordo convenção coletiva | F10: MG000705/2024(NUMERO DO PROCESSO-19980.221998/2024-00)
A11: E | B11: Nº de meses de execução contratual | F11: 12 meses prorrogáveis até vigência decenal
A13: IDENTIFICAÇÃO DO SERVIÇO
A14: Unidade | B14: Tipo de Serviço | F14: Quantidade a contratar
A15: Postos | B15: Assistente Administrativo I | F15: 4
A16: DADOS COMPLEMENTARES PARA CUSTOS REFERENTES À MÃO DE OBRA
A17: A | B17: Salário Normativo da categoria Profissional Vigente | F17: 2267.85
A18: B | B18: Salário-mínimo vigente | F18: 1412
A19: C | B19: Categoria profissional | F19: Assistente Administrativo I
A20: D | B20: Data-base da categoria
A22: MÓDULO 1 - COMPOSIÇÃO DA REMUNERAÇÃO
A23: 1 | B23: Composição da Remuneração: | F23: % | G23: Valor (R$)
A24: A | B24: Salário Base | G24: =F17 -> 2267.85
A25: B | B25: Adicionais (especificar) | G25: =G24*F25 -> 0
A26: *Adicionais de horas extras e noturno extra em planilha à parte
A27: Valor Total da Remuneração: | G27: =SUM(G24:G26) -> 2267.85
A29: MÓDULO 2 - ENCARGOS SOCIAIS E TRABALHISTAS INCIDENTES SOBRE A REMUNERAÇÃO
A31: Grupo 2.1 | B31: Encargos Previdenciários e FGTS | F31: % | G31: Valor (R$)
A32: A | B32: INSS | F32: 0.2 | G32: =$G$27*F32 -> 453.57
A33: B | B33: SESI ou SESC | F33: 0.015 | G33: =$G$27*F33 -> 34.01775
A34: C | B34: SENAI ou SENAC | F34: 0.01 | G34: =$G$27*F34 -> 22.6785
A35: D | B35: INCRA | F35: 0.002 | G35: =$G$27*F35 -> 4.5357
A36: E | B36: Salário educação | F36: 0.025 | G36: =$G$27*F36 -> 56.69625
A37: F | B37: FGTS | F37: 0.08 | G37: =$G$27*F37 -> 181.428
A38: G | B38: RAT (Risco Ambiental do Trabalho) x FAP | F38: 0.005 | G38: =$G$27*F38 -> 11.33925
A39: H | B39: SEBRAE | F39: 0.006 | G39: =$G$27*F39 -> 13.6071
A40: Valor Total dos encargos previdenciários e FGTS: | F40: =SUM(F32:F39) -> 0.343 | G40: =SUM(G32:G39) -> 777.87255
A42: Grupo 2.2 | B42: 13º Salário e Afastamentos | F42: % | G42: Valor (R$)
A43: A | B43: 13º Salário | F43: 0.08333 | G43: =SUM($G$27*F43) -> 188.97994
A44: B | B44: Férias | F44: 0.0833 | G44: =G27*F44 -> 188.9119
A45: C | B45: Adicional de férias (1/3) | F45: =1/3/12 -> 0.027777778 | G45: =SUM($G$27*F45) -> 62.995833
A46: D | B46: Aviso prévio trabalhado *(1) | F46: =7/30/12 -> 0.019444444 | G46: =(G27)*F46 -> 44.097083
A47: E | B47: Ausência por doença *(2) | F47: =5/30/12 -> 0.013888889 | G47: =G27*F47 -> 31.497917
A48: F | B48: Licença Paternidade *(3) | F48: =5/30/12*0.015 -> 0.00020833333 | G48: =G27*F48 -> 0.47246875
A49: G | B49: Ausências Legais *(4) | F49: =1/30/12 -> 0.0027777778 | G49: =G27*F49 -> 6.2995833
A50: H | B50: Ausência por acidente de trabalho *(5) | F50: =15/30/12*0.08 -> 0.0033333333 | G50: =G27*F50 -> 7.5595
A51: J | B51: Outros (especificar) | G51: =G27*F51 -> 0
B52: Subtotal: | F52: =SUM(F43:F51) -> 0.23406056 | G52: =SUM($G$27*F52) -> 530.81423
A53: K | B53: Incidência do grupo 2.1 sobre o grupo 2.2 | F53: =F40*F52 -> 0.080282771 | G53: =F53*G27 -> 182.06928
A54: Valor total do 13º Salário e Afastamentos: | F54: =SUM(F52:F53) -> 0.31434333 | G54: =G52+G53 -> 712.88351
A56: Grupo 2.3 | B56: Afastamento Maternidade | F56: % | G56: Valor (R$)
A57: A | B57: Afastamento Maternidade *(6) | F57: =4/12*0.02 -> 0.0066666667 | G57: =G27*F57 -> 15.119
A58: B | B58: Férias sobre licença maternidade *(7) | F58: =0.1111*0.02*4/12 -> 0.00074066667 | G58: =G27*F58 -> 1.6797209
B59: Subtotal: | F59: =SUM(F57:F58) -> 0.0074073333 | G59: =SUM($G$27*F59) -> 16.798721
A60: C | B60: Incidência do grupo 2.1 sobre o grupo 2.3 | F60: =F59*F40 -> 0.0025407153 | G60: =F60*G27 -> 5.7619613
A61: Valor total do Afastamento Maternidade: | F61: =SUM(F59:F60) -> 0.0099480487 | G61: =SUM(G59:G60) -> 22.560682
A63: Grupo 2.4 | B63: Provisão para Rescisão | F63: % | G63: Valor (R$)
A64: A | B64: Aviso Prévio Indenizado *(8) | F64: =0.05*1/12 -> 0.0041666667 | G64: =($G$27)*F64 -> 9.449375
A65: B | B65: Indenização Adicional *(9) | F65: =0.02*1/12 -> 0.0016666667 | G65: =($G$27)*F65 -> 3.77975
A66: C | B66: Indenização (rescisão sem justa causa - multa de 40% do FGTS) *(10) | F66: =1*0.4*0.08 -> 0.032 | G66: =($G$27)*F66 -> 72.5712
A67: Subtotal: | F67: =SUM(F64:F66) -> 0.037833333 | G67: =SUM(G64:G66) -> 85.800325
A68: D | B68: Incidência do FGTS sobre o aviso prévio indenizado | F68: =F37*F64 -> 0.00033333333 | G68: =F68*$G$27 -> 0.75595
A69: E | B69: Incidência do FGTS sobre o período médio de afastamento superior a 15 dias motivado por acidente de trabalho | F69: =F37*F50 -> 0.00026666667 | G69: =F69*$G$27 -> 0.60476
A70: Valor total da Provisão para Rescisão: | F70: =SUM(F67:F69) -> 0.038433333 | G70: =SUM(G67:G69) -> 87.161035
A72: QUADRO RESUMO - ENCARGOS SOCIAIS E TRABALHISTAS
A73: 2 | B73: Encargos Sociais e Trabalhistas | F73: % | G73: Valor (R$)
A74: 2.1 | B74: Encargos Previdenciários e FGTS | F74: =F40 -> 0.343 | G74: =G40 -> 777.87255
A75: 2.2 | B75: 13º Salário e Afastamentos | F75: =F54 -> 0.31434333 | G75: =G54 -> 712.88351
A76: 2.3 | B76: Afastamento Maternidade | F76: =F61 -> 0.0099480487 | G76: =G61 -> 22.560682
A77: 2.4 | B77: Provisão para Rescisão | F77: =F70 -> 0.038433333 | G77: =G70 -> 87.161035
A78: Valor Total de encargos sociais e trabalhistas: | F78: =SUM(F74:F77) -> 0.70572471 | G78: =SUM(G74:G77) -> 1600.4778
A80: MÓDULO 3 - BENEFÍCIOS MENSAIS E DIÁRIOS
A81: 3 | B81: Benefícios Mensais e Diários (deduzida parcela do empregado) | F81: % | G81: Valor (R$)
A82: A | B82: Transporte | G82: 132
A83: A1 | B83: Desconto legal sobre transporte (máximo de 6% sobre o salário base) | F83: 0.06 | G83: =IF(G24*F83>G82,-G82,-(G24*F83)) -> -132
A84: B | B84: Auxílio alimentação | G84: 599.28
A85: B1 | B85: Desconto Legal sobre auxilio alimentação (até 20%) | F85: 0.2 | G85: =-(G84*F85) -> -119.856
A86: C | B86: Assistência médica e Familiar
A87: D | B87: Auxílio creche
A88: E | B88: Seguro de vida | G88: 8
A89: F | B89: Auxílio Funeral
A90: G | B90: Cesta Básica
A91: H | B91: Assistência odontológica | G91: 48.43
A92: I | B92: Outros (especificar)
A93: Valor Total de benefícios mensais e diários: | G93: =SUM(G82:G92) -> 535.854
A95: MÓDULO 4 - INSUMOS DIVERSOS
A96: 4 | B96: Insumos Diversos | G96: Valor (R$)
A97: A | B97: Uniformes | G97: 4
A98: B | B98: EPIs
A99: C | B99: Materiais
A100: D | B100: Equipamentos (ponto eletrônico, outros)
A101: G | B101: Outros (especificar)
A102: Valor Total de insumos diversos: | G102: =SUM(G97:G101) -> 4
A104: VALOR TOTAL DE REMUNERAÇÃO + ENCARGOS SOCIAIS + BENEFÍCIOS + INSUMOS | G104: =G27+G78+G93+G102 -> 4408.1818
A106: MÓDULO 5 - BONIFICAÇÃO E OUTRAS DESPESAS
A107: 5 | B107: Bonificações e outras despesas | F107: % | G107: Valor (R$)
A108: A | B108: LDI - Lucro e Despesas Indiretas | F108: 0.006 | G108: =F108*$G$104 -> 26.449091
A109: B | B109: Despesas Administrativas / Operacionais | F109: 0.006 | G109: =F109*$G$104 -> 26.449091
A110: C | B110: Outras despesas (especificar) | G110: =F110*$G$104 -> 0
A111: Valor Total de bonificações e outras despesas: | F111: =SUM(F108:F110) -> 0.012 | G111: =SUM(G108:G110) -> 52.898181
A113: MÓDULO 6 - TRIBUTAÇÃO SOBRE O FATURAMENTO
A114: 6 | B114: Tributos | F114: % | G114: Valor (R$)
...

Sheet VI-Assistente Adm. MHMTT
A1: PLANILHA DE CUSTOS E FORMAÇÃO DE PREÇOS
A2: SERVIÇOS DE AUXILIAR ADMINISTRATIVO COM INSALUBRIDADE 20%
A3: Razão Social:
A4: CNPJ: | E4: Pregão n°: 05/2024 | F4: Data:
A6: DISCRIMINAÇÃO DOS SERVIÇOS
A7: A | B7: Data de apresentação da proposta (dia/mês/ano) | F7: 45520
A8: B | B8: Município/UF | F8: Pouso Alegre-MG
A9: C | B9: Ano Acordo, Convenção ou Sentença Normativa em Dissídio Coletivo | F9: 29/02/2024 SINDICATO DOS EMPREGADOS EM EMPRESAS DE ASSEIO E CONSERVACAO DE POUSO ALEGRE E REGIAO, CNPJ n. 23.928.068/0001-30, neste ato representado(a) por seu Presidente, Sr(a). MICHELE FERREIRA DOS SANTOS MOURA;
A10: D | B10: No. Registro acordo convenção coletiva | F10: MG000705/2024(NUMERO DO PROCESSO-19980.221998/2024-00)
A11: E | B11: Nº de meses de execução contratual | F11: 12 meses prorrogáveis até vigência decenal
A13: IDENTIFICAÇÃO DO SERVIÇO
A14: Unidade | B14: Tipo de Serviço | F14: Quantidade a contratar
A15: Postos | B15: Assistente Administrativo - MHMTT | F15: 1
A16: DADOS COMPLEMENTARES PARA CUSTOS REFERENTES À MÃO DE OBRA
A17: A | B17: Salário Normativo da categoria Profissional Vigente | F17: 2267.85
A18: B | B18: Salário-mínimo vigente | F18: 1412
A19: C | B19: Categoria profissional | F19: Assistente Administrativo - Museu Histórico
A20: D | B20: Data-base da categoria
A22: MÓDULO 1 - COMPOSIÇÃO DA REMUNERAÇÃO
A23: 1 | B23: Composição da Remuneração: | F23: % | G23: Valor (R$)
A24: A | B24: Salário Base | G24: =F17 -> 2267.85
A25: B | B25: Adicional de insalubridade | F25: 0.2 | G25: =F18*F25 -> 282.4
A26: *Adicionais de horas extras e noturno extra em planilha à parte
A27: Valor Total da Remuneração: | G27: =SUM(G24:G26) -> 2550.25
A29: MÓDULO 2 - ENCARGOS SOCIAIS E TRABALHISTAS INCIDENTES SOBRE A REMUNERAÇÃO
A31: Grupo 2.1 | B31: Encargos Previdenciários e FGTS | F31: % | G31: Valor (R$)
A32: A | B32: INSS | F32: 0.2 | G32: =$G$27*F32 -> 510.05
A33: B | B33: SESI ou SESC | F33: 0.015 | G33: =$G$27*F33 -> 38.25375
A34: C | B34: SENAI ou SENAC | F34: 0.01 | G34: =$G$27*F34 -> 25.5025
A35: D | B35: INCRA | F35: 0.002 | G35: =$G$27*F35 -> 5.1005
A36: E | B36: Salário educação | F36: 0.025 | G36: =$G$27*F36 -> 63.75625
A37: F | B37: FGTS | F37: 0.08 | G37: =$G$27*F37 -> 204.02
A38: G | B38: RAT (Risco Ambiental do Trabalho) x FAP (no máximo 2,00%) | F38: 0.005 | G38: =$G$27*F38 -> 12.75125
A39: H | B39: SEBRAE | F39: 0.006 | G39: =$G$27*F39 -> 15.3015
A40: Valor Total dos encargos previdenciários e FGTS: | F40: =SUM(F32:F39) -> 0.343 | G40: =SUM(G32:G39) -> 874.73575
A42: Grupo 2.2 | B42: 13º Salário e Afastamentos | F42: % | G42: Valor (R$)
A43: A | B43: 13º Salário | F43: 0.08333 | G43: =SUM($G$27*F43) -> 212.51233
A44: B | B44: Férias | F44: 0.0833 | G44: =G27*F44 -> 212.43582
A45: C | B45: Adicional de férias (1/3) | F45: =1/3/12 -> 0.027777778 | G45: =SUM($G$27*F45) -> 70.840278
A46: D | B46: Aviso prévio trabalhado *(1) | F46: =7/30/12 -> 0.019444444 | G46: =(G27)*F46 -> 49.588194
A47: E | B47: Ausência por doença *(2) | F47: =5/30/12 -> 0.013888889 | G47: =G27*F47 -> 35.420139
A48: F | B48: Licença Paternidade *(3) | F48: =5/30/12*0.015 -> 0.00020833333 | G48: =G27*F48 -> 0.53130208
A49: G | B49: Ausências Legais *(4) | F49: =1/30/12 -> 0.0027777778 | G49: =G27*F49 -> 7.0840278
A50: H | B50: Ausência por acidente de trabalho *(5) | F50: =15/30/12*0.08 -> 0.0033333333 | G50: =G27*F50 -> 8.5008333
A51: J | B51: Outros (especificar) | G51: =G27*F51 -> 0
B52: Subtotal: | F52: =SUM(F43:F51) -> 0.23406056 | G52: =SUM($G$27*F52) -> 596.91293
A53: K | B53: Incidência do grupo 2.1 sobre o grupo 2.2 | F53: =F40*F52 -> 0.080282771 | G53: =F53*G27 -> 204.74114
A54: Valor total do 13º Salário e Afastamentos: | F54: =SUM(F52:F53) -> 0.31434333 | G54: =G52+G53 -> 801.65407
A56: Grupo 2.3 | B56: Afastamento Maternidade | F56: % | G56: Valor (R$)
A57: A | B57: Afastamento Maternidade *(6) | F57: =4/12*0.02 -> 0.0066666667 | G57: =G27*F57 -> 17.001667
A58: B | B58: Férias sobre licença maternidade *(7) | F58: =0.1111*0.02*4/12 -> 0.00074066667 | G58: =G27*F58 -> 1.8888852
B59: Subtotal: | F59: =SUM(F57:F58) -> 0.0074073333 | G59: =SUM($G$27*F59) -> 18.890552
A60: C | B60: Incidência do grupo 2.1 sobre o grupo 2.3 | F60: =F59*F40 -> 0.0025407153 | G60: =F60*G27 -> 6.4794593
A61: Valor total do Afastamento Maternidade: | F61: =SUM(F59:F60) -> 0.0099480487 | G61: =SUM(G59:G60) -> 25.370011
A63: Grupo 2.4 | B63: Provisão para Rescisão | F63: % | G63: Valor (R$)
A64: A | B64: Aviso Prévio Indenizado *(8) | F64: =0.05*1/12 -> 0.0041666667 | G64: =($G$27)*F64 -> 10.626042
A65: B | B65: Indenização Adicional *(9) | F65: =0.02*1/12 -> 0.0016666667 | G65: =($G$27)*F65 -> 4.2504167
A66: C | B66: Indenização (rescisão sem justa causa - multa de 40% do FGTS) *(10) | F66: =1*0.4*0.08 -> 0.032 | G66: =($G$27)*F66 -> 81.608
A67: Subtotal: | F67: =SUM(F64:F66) -> 0.037833333 | G67: =SUM(G64:G66) -> 96.484458
A68: D | B68: Incidência do FGTS sobre o aviso prévio indenizado | F68: =F37*F64 -> 0.00033333333 | G68: =F68*$G$27 -> 0.85008333
A69: E | B69: Incidência do FGTS sobre o período médio de afastamento superior a 15 dias motivado por acidente de trabalho | F69: =F37*F50 -> 0.00026666667 | G69: =F69*$G$27 -> 0.68006667
A70: Valor total da Provisão para Rescisão: | F70: =SUM(F67:F69) -> 0.038433333 | G70: =SUM(G67:G69) -> 98.014608
A72: QUADRO RESUMO - ENCARGOS SOCIAIS E TRABALHISTAS
A73: 2 | B73: Encargos Sociais e Trabalhistas | F73: % | G73: Valor (R$)
A74: 2.1 | B74: Encargos Previdenciários e FGTS | F74: =F40 -> 0.343 | G74: =G40 -> 874.73575
A75: 2.2 | B75: 13º Salário e Afastamentos | F75: =F54 -> 0.31434333 | G75: =G54 -> 801.65407
A76: 2.3 | B76: Afastamento Maternidade | F76: =F61 -> 0.0099480487 | G76: =G61 -> 25.370011
A77: 2.4 | B77: Provisão para Rescisão | F77: =F70 -> 0.038433333 | G77: =G70 -> 98.014608
A78: Valor Total de encargos sociais e trabalhistas: | F78: =SUM(F74:F77) -> 0.70572471 | G78: =SUM(G74:G77) -> 1799.7744
A80: MÓDULO 3 - BENEFÍCIOS MENSAIS E DIÁRIOS
A81: 3 | B81: Benefícios Mensais e Diários (deduzida parcela do empregado) | F81: % | G81: Valor (R$)
A82: A | B82: Transporte | G82: 132
A83: A1 | B83: Desconto legal sobre transporte (máximo de 6% sobre o salário base) | F83: 0.06 | G83: =IF(G24*F83>G82,-G82,-(G24*F83)) -> -132
A84: B | B84: Auxílio alimentação | G84: 599.28
A85: B1 | B85: Desconto Legal sobre auxilio alimentação (até 20%) | F85: 0.2 | G85: =-(G84*F85) -> -119.856
A86: C | B86: Assistência médica e Familiar
A87: D | B87: Auxílio creche
A88: E | B88: Seguro de vida | G88: 8
A89: F | B89: Auxílio Funeral
A90: G | B90: Cesta Básica
A91: H | B91: Assistência odontológica | G91: 48.43
A92: I | B92: Outros (especificar)
A93: Valor Total de benefícios mensais e diários: | G93: =SUM(G82:G92) -> 535.854
A95: MÓDULO 4 - INSUMOS DIVERSOS
A96: 4 | B96: Insumos Diversos | G96: Valor (R$)
A97: A | B97: Uniformes | G97: 3
A98: B | B98: EPIs
A99: C | B99: Materiais
A100: D | B100: Equipamentos (ponto eletrônico, outros)
A101: G | B101: Outros (especificar)
A102: Valor Total de insumos diversos: | G102: =SUM(G97:G101) -> 3
A104: VALOR TOTAL DE REMUNERAÇÃO + ENCARGOS SOCIAIS + BENEFÍCIOS + INSUMOS | G104: =G27+G78+G93+G102 -> 4888.8784
A106: MÓDULO 5 - BONIFICAÇÃO E OUTRAS DESPESAS
A107: 5 | B107: Bonificações e outras despesas | F107: % | G107: Valor (R$)
A108: A | B108: LDI - Lucro e Despesas Indiretas | F108: 0.006 | G108: =F108*$G$104 -> 29.333271
A109: B | B109: Despesas Administrativas / Operacionais | F109: 0.006 | G109: =F109*$G$104 -> 29.333271
A110: C | B110: Outras despesas (especificar) | G110: =F110*$G$104 -> 0
A111: Valor Total de bonificações e outras despesas: | F111: =SUM(F108:F110) -> 0.012 | G111: =SUM(G108:G110) -> 58.666541
A113: MÓDULO 6 - TRIBUTAÇÃO SOBRE O FATURAMENTO
A114: 6 | B114: Tributos | F114: % | G114: Valor (R$)
...

Sheet VII-Motorista I
A1: PLANILHA DE CUSTOS E FORMAÇÃO DE PREÇOS
A2: SERVIÇOS DE CHOFERAGEM
A3: Razão Social:
A4: CNPJ: | E4: Pregão n°: 05/2024 | F4: Data:
A6: DISCRIMINAÇÃO DOS SERVIÇOS
A7: A | B7: Data de apresentação da proposta (dia/mês/ano) | F7: 45520
A8: B | B8: Município/UF | F8: Pouso Alegre-MG
A9: C | B9: Ano Acordo, Convenção ou Sentença Normativa em Dissídio Coletivo | F9: 24/04/2024 SINDICATO DOS TRABALHADORES EM TRANSPORTES RODOVIARIOS DE CARGAS EM GERAL DE POUSO ALEGRE E REGIAO, CNPJ n. 13.960.867/0001-30, neste ato representado(a) por seu Presidente, Sr(a). RICARDO FERNANDO MACHADO;
A10: D | B10: No. Registro acordo convenção coletiva | F10: MG001445/2024
A11: E | B11: Nº de meses de execução contratual | F11: 12 meses prorrogáveis até vigência decenal
A13: IDENTIFICAÇÃO DO SERVIÇO
A14: Unidade | B14: Tipo de Serviço | F14: Quantidade a contratar
A15: Postos | B15: Motorista Executivo I | F15: 1
A16: DADOS COMPLEMENTARES PARA CUSTOS REFERENTES À MÃO DE OBRA
A17: A | B17: Salário Normativo da categoria Profissional Vigente | F17: 3562.91
A18: B | B18: Salário-mínimo vigente | F18: 1412
A19: C | B19: Categoria profissional | F19: Motorista Executivo I
A20: D | B20: Data-base da categoria
A22: MÓDULO 1 - COMPOSIÇÃO DA REMUNERAÇÃO
A23: 1 | B23: Composição da Remuneração: | F23: % | G23: Valor (R$)
A24: A | B24: Salário Base | G24: 3562.91
A25: B | B25: Adicionais (especificar) | G25: =G24*F25 -> 0
A26: *Adicionais de horas extras e noturno extra em planilha à parte
A27: Valor Total da Remuneração: | G27: =SUM(G24:G26) -> 3562.91
A29: MÓDULO 2 - ENCARGOS SOCIAIS E TRABALHISTAS INCIDENTES SOBRE A REMUNERAÇÃO
A31: Grupo 2.1 | B31: Encargos Previdenciários e FGTS | F31: % | G31: Valor (R$)
A32: A | B32: INSS | F32: 0.2 | G32: =$G$27*F32 -> 712.582
A33: B | B33: SESI ou SESC | F33: 0.015 | G33: =$G$27*F33 -> 53.44365
A34: C | B34: SENAI ou SENAC | F34: 0.01 | G34: =$G$27*F34 -> 35.6291
A35: D | B35: INCRA | F35: 0.002 | G35: =$G$27*F35 -> 7.12582
A36: E | B36: Salário educação | F36: 0.025 | G36: =$G$27*F36 -> 89.07275
A37: F | B37: FGTS | F37: 0.08 | G37: =$G$27*F37 -> 285.0328
A38: G | B38: RAT (Risco Ambiental do Trabalho) x FAP (no máximo 2,00%) | F38: 0.005 | G38: =$G$27*F38 -> 17.81455
A39: H | B39: SEBRAE | F39: 0.006 | G39: =$G$27*F39 -> 21.37746
A40: Valor Total dos encargos previdenciários e FGTS: | F40: =SUM(F32:F39) -> 0.343 | G40: =SUM(G32:G39) -> 1222.0781
A42: Grupo 2.2 | B42: 13º Salário e Afastamentos | F42: % | G42: Valor (R$)
A43: A | B43: 13º Salário | F43: 0.08333 | G43: =SUM($G$27*F43) -> 296.89729
A44: B | B44: Férias | F44: 0.0833 | G44: =G27*F44 -> 296.7904
A45: C | B45: Adicional de férias (1/3) | F45: =1/3/12 -> 0.027777778 | G45: =SUM($G$27*F45) -> 98.969722
A46: D | B46: Aviso prévio trabalhado *(1) | F46: =7/30/12 -> 0.019444444 | G46: =(G27)*F46 -> 69.278806
A47: E | B47: Ausência por doença *(2) | F47: =5/30/12 -> 0.013888889 | G47: =G27*F47 -> 49.484861
A48: F | B48: Licença Paternidade *(3) | F48: =5/30/12*0.015 -> 0.00020833333 | G48: =G27*F48 -> 0.74227292
A49: G | B49: Ausências Legais *(4) | F49: =1/30/12 -> 0.0027777778 | G49: =G27*F49 -> 9.8969722
A50: H | B50: Ausência por acidente de trabalho *(5) | F50: =15/30/12*0.08 -> 0.0033333333 | G50: =G27*F50 -> 11.876367
A51: J | B51: Outros (especificar) | G51: =G27*F51 -> 0
B52: Subtotal: | F52: =SUM(F43:F51) -> 0.23406056 | G52: =SUM($G$27*F52) -> 833.93669
A53: K | B53: Incidência do grupo 2.1 sobre o grupo 2.2 | F53: =F40*F52 -> 0.080282771 | G53: =F53*G27 -> 286.04029
A54: Valor total do 13º Salário e Afastamentos: | F54: =SUM(F52:F53) -> 0.31434333 | G54: =G52+G53 -> 1119.977
A56: Grupo 2.3 | B56: Afastamento Maternidade | F56: % | G56: Valor (R$)
A57: A | B57: Afastamento Maternidade *(6) | F57: =4/12*0.02 -> 0.0066666667 | G57: =G27*F57 -> 23.752733
A58: B | B58: Férias sobre licença maternidade *(7) | F58: =0.1111*0.02*4/12 -> 0.00074066667 | G58: =G27*F58 -> 2.6389287
B59: Subtotal: | F59: =SUM(F57:F58) -> 0.0074073333 | G59: =SUM($G$27*F59) -> 26.391662
A60: C | B60: Incidência do grupo 2.1 sobre o grupo 2.3 | F60: =F59*F40 -> 0.0025407153 | G60: =F60*G27 -> 9.0523401
A61: Valor total do Afastamento Maternidade: | F61: =SUM(F59:F60) -> 0.0099480487 | G61: =SUM(G59:G60) -> 35.444002
A63: Grupo 2.4 | B63: Provisão para Rescisão | F63: % | G63: Valor (R$)
A64: A | B64: Aviso Prévio Indenizado *(8) | F64: =0.05*1/12 -> 0.0041666667 | G64: =($G$27)*F64 -> 14.845458
A65: B | B65: Indenização Adicional *(9) | F65: =0.02*1/12 -> 0.0016666667 | G65: =($G$27)*F65 -> 5.9381833
A66: C | B66: Indenização (rescisão sem justa causa - multa de 40% do FGTS) *(10) | F66: =1*0.4*0.08 -> 0.032 | G66: =($G$27)*F66 -> 114.01312
A67: Subtotal: | F67: =SUM(F64:F66) -> 0.037833333 | G67: =SUM(G64:G66) -> 134.79676
A68: D | B68: Incidência do FGTS sobre o aviso prévio indenizado | F68: =F37*F64 -> 0.00033333333 | G68: =F68*$G$27 -> 1.1876367
A69: E | B69: Incidência do FGTS sobre o período médio de afastamento superior a 15 dias motivado por acidente de trabalho | F69: =F37*F50 -> 0.00026666667 | G69: =F69*$G$27 -> 0.95010933
A70: Valor total da Provisão para Rescisão: | F70: =SUM(F67:F69) -> 0.038433333 | G70: =SUM(G67:G69) -> 136.93451
A72: QUADRO RESUMO - ENCARGOS SOCIAIS E TRABALHISTAS
A73: 2 | B73: Encargos Sociais e Trabalhistas | F73: % | G73: Valor (R$)
A74: 2.1 | B74: Encargos Previdenciários e FGTS | F74: =F40 -> 0.343 | G74: =G40 -> 1222.0781
A75: 2.2 | B75: 13º Salário e Afastamentos | F75: =F54 -> 0.31434333 | G75: =G54 -> 1119.977
A76: 2.3 | B76: Afastamento Maternidade | F76: =F61 -> 0.0099480487 | G76: =G61 -> 35.444002
A77: 2.4 | B77: Provisão para Rescisão | F77: =F70 -> 0.038433333 | G77: =G70 -> 136.93451
A78: Valor Total de encargos sociais e trabalhistas: | F78: =SUM(F74:F77) -> 0.70572471 | G78: =SUM(G74:G77) -> 2514.4336
A80: MÓDULO 3 - BENEFÍCIOS MENSAIS E DIÁRIOS
A81: 3 | B81: Benefícios Mensais e Diários (deduzida parcela do empregado) | F81: % | G81: Valor (R$)
A82: A | B82: Transporte | G82: 132
A83: A1 | B83: Desconto legal sobre transporte (máximo de 6% sobre o salário base) | F83: 0.06 | G83: =IF(G24*F83>G82,-G82,-(G24*F83)) -> -132
A84: B | B84: Auxílio alimentação | G84: 606.98
A85: B1 | B85: Desconto Legal sobre auxilio alimentação (até 20%) | F85: 0.2 | G85: =-(G84*F85) -> -121.396
A86: C | B86: Assistência médica e Familiar
A87: D | B87: Auxílio creche
A88: E | B88: Seguro de vida | G88: 11
A89: F | B89: Auxílio Funeral
A90: G | B90: Cesta Básica
A91: H | B91: Assistência odontológica
A92: I | B92: Outros (especificar)
A93: Valor Total de benefícios mensais e diários: | G93: =SUM(G82:G92) -> 496.584
A95: MÓDULO 4 - INSUMOS DIVERSOS
A96: 4 | B96: Insumos Diversos | G96: Valor (R$)
A97: A | B97: Uniformes | G97: 11.42
A98: B | B98: EPIs
A99: C | B99: Materiais
A100: D | B100: Equipamentos (ponto eletrônico, outros)
A101: G | B101: Outros (especificar)
A102: Valor Total de insumos diversos: | G102: =SUM(G97:G101) -> 11.42
A104: VALOR TOTAL DE REMUNERAÇÃO + ENCARGOS SOCIAIS + BENEFÍCIOS + INSUMOS | G104: =G27+G78+G93+G102 -> 6585.3476
A106: MÓDULO 5 - BONIFICAÇÃO E OUTRAS DESPESAS
A107: 5 | B107: Bonificações e outras despesas | F107: % | G107: Valor (R$)
A108: A | B108: LDI - Lucro e Despesas Indiretas | F108: 0.006 | G108: =F108*$G$104 -> 39.512086
A109: B | B109: Despesas Administrativas / Operacionais | F109: 0.006 | G109: =F109*$G$104 -> 39.512086
A110: C | B110: Outras despesas (especificar) | G110: =F110*$G$104 -> 0
A111: Valor Total de bonificações e outras despesas: | F111: =SUM(F108:F110) -> 0.012 | G111: =SUM(G108:G110) -> 79.024171
A113: MÓDULO 6 - TRIBUTAÇÃO SOBRE O FATURAMENTO
A114: 6 | B114: Tributos | F114: % | G114: Valor (R$)
...

Sheet VIII-Motorista II
A1: PLANILHA DE CUSTOS E FORMAÇÃO DE PREÇOS
A2: SERVIÇOS DE CHOFERAGEM COM 30% PERICULOSIDADE
A3: Razão Social:
A4: CNPJ: | E4: Pregão n°: 05/2024 | F4: Data:
A6: DISCRIMINAÇÃO DOS SERVIÇOS
A7: A | B7: Data de apresentação da proposta (dia/mês/ano) | F7: 45520
A8: B | B8: Município/UF | F8: Pouso Alegre-MG
A9: C | B9: Ano Acordo, Convenção ou Sentença Normativa em Dissídio Coletivo | F9: 24/04/2024 SINDICATO DOS TRABALHADORES EM TRANSPORTES RODOVIARIOS DE CARGAS EM GERAL DE POUSO ALEGRE E REGIAO, CNPJ n. 13.960.867/0001-30, neste ato representado(a) por seu Presidente, Sr(a). RICARDO FERNANDO MACHADO;
A10: D | B10: No. Registro acordo convenção coletiva | F10: MG001445/2024
A11: E | B11: Nº de meses de execução contratual | F11: 12 meses prorrogáveis até vigência decenal
A13: IDENTIFICAÇÃO DO SERVIÇO
A14: Unidade | B14: Tipo de Serviço | F14: Quantidade a contratar
A15: Postos | B15: Motorista Executivo II | F15: 1
A16: DADOS COMPLEMENTARES PARA CUSTOS REFERENTES À MÃO DE OBRA
A17: A | B17: Salário Normativo da categoria Profissional Vigente | F17: 3562.91
A18: B | B18: Salário-mínimo vigente | F18: 1412
A19: C | B19: Categoria profissional | F19: Motorista Executivo I
A20: D | B20: Data-base da categoria | F20: 01/01/2022
A22: MÓDULO 1 - COMPOSIÇÃO DA REMUNERAÇÃO
A23: 1 | B23: Composição da Remuneração: | F23: % | G23: Valor (R$)
A24: A | B24: Salário Base | G24: 3562.91
A25: B | B25: Adicional de periculosidade | F25: 0.3 | G25: =G24*F25 -> 1068.873
A26: *Adicionais de horas extras e noturno extra em planilha à parte
A27: Valor Total da Remuneração: | G27: =SUM(G24:G26) -> 4631.783
A29: MÓDULO 2 - ENCARGOS SOCIAIS E TRABALHISTAS INCIDENTES SOBRE A REMUNERAÇÃO
A31: Grupo 2.1 | B31: Encargos Previdenciários e FGTS | F31: % | G31: Valor (R$)
A32: A | B32: INSS | F32: 0.2 | G32: =$G$27*F32 -> 926.3566
A33: B | B33: SESI ou SESC | F33: 0.015 | G33: =$G$27*F33 -> 69.476745
A34: C | B34: SENAI ou SENAC | F34: 0.01 | G34: =$G$27*F34 -> 46.31783
A35: D | B35: INCRA | F35: 0.002 | G35: =$G$27*F35 -> 9.263566
A36: E | B36: Salário educação | F36: 0.025 | G36: =$G$27*F36 -> 115.79457
A37: F | B37: FGTS | F37: 0.08 | G37: =$G$27*F37 -> 370.54264
A38: G | B38: RAT (Risco Ambiental do Trabalho) x FAP (no máximo 2,00%) | F38: 0.005 | G38: =$G$27*F38 -> 23.158915
A39: H | B39: SEBRAE | F39: 0.006 | G39: =$G$27*F39 -> 27.790698
A40: Valor Total dos encargos previdenciários e FGTS: | F40: =SUM(F32:F39) -> 0.343 | G40: =SUM(G32:G39) -> 1588.7016
A42: Grupo 2.2 | B42: 13º Salário e Afastamentos | F42: % | G42: Valor (R$)
A43: A | B43: 13º Salário | F43: 0.08333 | G43: =SUM($G$27*F43) -> 385.96648
A44: B | B44: Férias | F44: 0.0833 | G44: =G27*F44 -> 385.82752
A45: C | B45: Adicional de férias (1/3) | F45: =1/3/12 -> 0.027777778 | G45: =SUM($G$27*F45) -> 128.66064
A46: D | B46: Aviso prévio trabalhado *(1) | F46: =7/30/12 -> 0.019444444 | G46: =(G27)*F46 -> 90.062447
A47: E | B47: Ausência por doença *(2) | F47: =5/30/12 -> 0.013888889 | G47: =G27*F47 -> 64.330319
A48: F | B48: Licença Paternidade *(3) | F48: =5/30/12*0.015 -> 0.00020833333 | G48: =G27*F48 -> 0.96495479
A49: G | B49: Ausências Legais *(4) | F49: =1/30/12 -> 0.0027777778 | G49: =G27*F49 -> 12.866064
A50: H | B50: Ausência por acidente de trabalho *(5) | F50: =15/30/12*0.08 -> 0.0033333333 | G50: =G27*F50 -> 15.439277
A51: J | B51: Outros (especificar) | G51: =G27*F51 -> 0
B52: Subtotal: | F52: =SUM(F43:F51) -> 0.23406056 | G52: =SUM($G$27*F52) -> 1084.1177
A53: K | B53: Incidência do grupo 2.1 sobre o grupo 2.2 | F53: =F40*F52 -> 0.080282771 | G53: =F53*G27 -> 371.85237
A54: Valor total do 13º Salário e Afastamentos: | F54: =SUM(F52:F53) -> 0.31434333 | G54: =G52+G53 -> 1455.9701
A56: Grupo 2.3 | B56: Afastamento Maternidade | F56: % | G56: Valor (R$)
A57: A | B57: Afastamento Maternidade *(6) | F57: =4/12*0.02 -> 0.0066666667 | G57: =G27*F57 -> 30.878553
A58: B | B58: Férias sobre licença maternidade *(7) | F58: =0.1111*0.02*4/12 -> 0.00074066667 | G58: =G27*F58 -> 3.4306073
B59: Subtotal: | F59: =SUM(F57:F58) -> 0.0074073333 | G59: =SUM($G$27*F59) -> 34.309161
A60: C | B60: Incidência do grupo 2.1 sobre o grupo 2.3 | F60: =F59*F40 -> 0.0025407153 | G60: =F60*G27 -> 11.768042
A61: Valor total do Afastamento Maternidade: | F61: =SUM(F59:F60) -> 0.0099480487 | G61: =SUM(G59:G60) -> 46.077203
A63: Grupo 2.4 | B63: Provisão para Rescisão | F63: % | G63: Valor (R$)
A64: A | B64: Aviso Prévio Indenizado *(8) | F64: =0.05*1/12 -> 0.0041666667 | G64: =($G$27)*F64 -> 19.299096
A65: B | B65: Indenização Adicional *(9) | F65: =0.02*1/12 -> 0.0016666667 | G65: =($G$27)*F65 -> 7.7196383
A66: C | B66: Indenização (rescisão sem justa causa - multa de 40% do FGTS) *(10) | F66: =1*0.4*0.08 -> 0.032 | G66: =($G$27)*F66 -> 148.21706
A67: Subtotal: | F67: =SUM(F64:F66) -> 0.037833333 | G67: =SUM(G64:G66) -> 175.23579
A68: D | B68: Incidência do FGTS sobre o aviso prévio indenizado | F68: =F37*F64 -> 0.00033333333 | G68: =F68*$G$27 -> 1.5439277
A69: E | B69: Incidência do FGTS sobre o período médio de afastamento superior a 15 dias motivado por acidente de trabalho | F69: =F37*F50 -> 0.00026666667 | G69: =F69*$G$27 -> 1.2351421
A70: Valor total da Provisão para Rescisão: | F70: =SUM(F67:F69) -> 0.038433333 | G70: =SUM(G67:G69) -> 178.01486
A72: QUADRO RESUMO - ENCARGOS SOCIAIS E TRABALHISTAS
A73: 2 | B73: Encargos Sociais e Trabalhistas | F73: % | G73: Valor (R$)
A74: 2.1 | B74: Encargos Previdenciários e FGTS | F74: =F40 -> 0.343 | G74: =G40 -> 1588.7016
A75: 2.2 | B75: 13º Salário e Afastamentos | F75: =F54 -> 0.31434333 | G75: =G54 -> 1455.9701
A76: 2.3 | B76: Afastamento Maternidade | F76: =F61 -> 0.0099480487 | G76: =G61 -> 46.077203
A77: 2.4 | B77: Provisão para Rescisão | F77: =F70 -> 0.038433333 | G77: =G70 -> 178.01486
A78: Valor Total de encargos sociais e trabalhistas: | F78: =SUM(F74:F77) -> 0.70572471 | G78: =SUM(G74:G77) -> 3268.7637
A80: MÓDULO 3 - BENEFÍCIOS MENSAIS E DIÁRIOS
A81: 3 | B81: Benefícios Mensais e Diários (deduzida parcela do empregado) | F81: % | G81: Valor (R$)
A82: A | B82: Transporte | G82: 132
A83: A1 | B83: Desconto legal sobre transporte (máximo de 6% sobre o salário base) | F83: 0.06 | G83: =IF(G24*F83>G82,-G82,-(G24*F83)) -> -132
A84: B | B84: Auxílio alimentação | G84: 606.98
A85: B1 | B85: Desconto Legal sobre auxilio alimentação (até 20%) | F85: 0.2 | G85: =-(G84*F85) -> -121.396
A86: C | B86: Assistência médica e Familiar
A87: D | B87: Auxílio creche
A88: E | B88: Seguro de vida | G88: 11
A89: F | B89: Auxílio Funeral
A90: G | B90: Cesta Básica
A91: H | B91: Assistência odontológica
A92: I | B92: Outros (especificar)
A93: Valor Total de benefícios mensais e diários: | G93: =SUM(G82:G92) -> 496.584
A95: MÓDULO 4 - INSUMOS DIVERSOS
A96: 4 | B96: Insumos Diversos | G96: Valor (R$)
A97: A | B97: Uniformes | G97: 11.42
A98: B | B98: EPIs
A99: C | B99: Materiais
A100: D | B100: Equipamentos (ponto eletrônico, outros)
A101: G | B101: Outros (especificar)
A102: Valor Total de insumos diversos: | G102: =SUM(G97:G101) -> 11.42
A104: VALOR TOTAL DE REMUNERAÇÃO + ENCARGOS SOCIAIS + BENEFÍCIOS + INSUMOS | G104: =G27+G78+G93+G102 -> 8408.5507
A106: MÓDULO 5 - BONIFICAÇÃO E OUTRAS DESPESAS
A107: 5 | B107: Bonificações e outras despesas | F107: % | G107: Valor (R$)
A108: A | B108: LDI - Lucro e Despesas Indiretas | F108: 0.006 | G108: =F108*$G$104 -> 50.451304
A109: B | B109: Despesas Administrativas / Operacionais | F109: 0.006 | G109: =F109*$G$104 -> 50.451304
A110: C | B110: Outras despesas (especificar) | G110: =F110*$G$104 -> 0
A111: Valor Total de bonificações e outras despesas: | F111: =F108+F109+F110 -> 0.012 | G111: =SUM(G108:G110) -> 100.90261
A113: MÓDULO 6 - TRIBUTAÇÃO SOBRE O FATURAMENTO
A114: 6 | B114: Tributos | F114: % | G114: Valor (R$)
...

Sheet UNIFORMES.EPIS
D3: CARGO | E3: QUANTIDADE | F3: DESCRITIVO | G3: VALOR UNITARIO | H3: VALOR ANUAL
D5: Assistente Administrativo | E5: 05- unidades | F5: Camiseta de malha fria com gola polo sem bolso (67% poliléster e 33% viscose) com logomarca da empresa. | G5: 35 | H5: =G5/12 -> 2.9166667 | J5: =H5*5 -> 14.583333
D7: Recepcionista | E7: 05- unidades | F7: Camiseta de malha fria com gola polo sem bolso (67% poliléster e 33% viscose) com logomarca da empresa. | G7: 35 | H7: =G7/12 -> 2.9166667 | J7: =H7*5 -> 14.583333
D9: Motorista Executivo | E9: 02 unidades | F9: Calça social, na cor preta, com bolsos na frente e atrás. | G9: 30 | H9: =G9/12 -> 2.5 | I9: =H9+H10+H11+H12+H13 -> 11.416667
E10: 02 unidades | F10: Camisa social de manga curta, com bolso, com silk da empresa. | G10: 30 | H10: =G10/12 -> 2.5
E11: 02 unidades | F11: Camisa social de manga longa, com bolso, com silk da empresa. | G11: 35 | H11: =G11/12 -> 2.9166667
E12: 02 unidades | F12: Gravata, na cor preta ou azul escuro. | G12: 10 | H12: =G12/12 -> 0.83333333
E13: 02 pares | F13: Sapato preto, tipo social. | G13: 32 | H13: =G13/12 -> 2.6666667
D15: Servente de Limpeza | E15: 02 - unidades | F15: Calça em Brim ou Oxford (botão e zíper), 100% algodão, 2 bolsos traseiros | G15: 32 | H15: =G15/12 -> 2.6666667 | I15: =H15+H16+H17+H18+H19 -> 13.166667 | J15: =I15*5 -> 65.833333
E16: 02 – unidades | F16: Camisa em tricoline com lycra, manga curta, botões com silk da empresa | G16: 28 | H16: =G16/12 -> 2.3333333
E17: 02 – unidades | F17: Camisa em tricoline com lycra, manga longa, botões comsilk da empresa. | G17: 28 | H17: =G17/12 -> 2.3333333
E18: 02 - pares | F18: Sapato de segurança em vaqueta com cadarço e solado PU | G18: 40 | H18: =G18/12 -> 3.3333333
E19: 02 unidades | F19: Calça masculina em tecido microfibra Oxford (cor a definir) | G19: 30 | H19: =G19/12 -> 2.5
D21: Copeiro | E21: 02 (duas) unidades | F21: Calça e/ou saia social preta (comprimento na altura do joelho, para saia), 100% poliéster | G21: 45 | H21: =G21/12 -> 3.75 | I21: =H21+H22+H23+H24+H25+H26+H27 -> 20.416667
E22: 02 (duas) unidades | F22: Blusa manga curta com gola colarinho, branca, em algodão ou poliéster | G22: 40 | H22: =G22/12 -> 3.3333333
E23: 02 (duas) | F23: Par de sapatos de couro macio, salto baixo, com solado emborrachado antiderrapante, preto | G23: 50 | H23: =G23/12 -> 4.1666667 | K23: =I21*2 -> 40.833333
E24: 02 (dois) pares | F24: Meia social, na cor branca | G24: 5 | H24: =G24/12 -> 0.41666667
E25: 04 (quatro) unidades | F25: Avental em gabardine, com amarração no pescoço e na cintura, branco | G25: 30 | H25: =G25/12 -> 2.5
E26: 04 (quatro) unidades | F26: Touca com aba e filó, preta, 100% poliéster | G26: 15 | H26: =G26/12 -> 1.25 | M26: =J5+I36 -> 16.416667
E27: 02 (duas) unidades | F27: Agasalho de inverno, em malha de lã, preto | G27: 60 | H27: =G27/12 -> 5
D30: Auxiliar de Manutenção Predial | E30: 02 - unidades | F30: Calça em Brim ou Oxford (botão e zíper), 100% algodão, 2 bolsos traseiros | G30: 30 | H30: =G30/12 -> 2.5 | I30: =H30+H31+H32+H33 -> 15
E31: 02 – unidades | F31: Camisa em tricoline com lycra, manga curta, botões ou camiseta/gola polo manga curta 100% algodão com silk da empresa. | G31: 50 | H31: =G31/12 -> 4.1666667
E32: 02 – unidades | F32: Camisa em tricoline com lycra, manga longa, botões ou camiseta/gola polo manga longa 100% algodão com silk da empresa. | G32: 50 | H32: =G32/12 -> 4.1666667
E33: 02 - pares | F33: Sapato de segurança em vaqueta com cadarço e solado PU. | G33: 50 | H33: =G33/12 -> 4.1666667
D36: Para todos os postos | E36: 01 - unidade | F36: Livro para registro de ocorrências que deverá ser preenchido pelos próprios funcionários, sob orientação da CONTRATADA. | G36: 20 | H36: =G36/12 -> 1.6666667 | I36: =H36+H37 -> 1.8333333
E37: 01 - unidade Para cada colaborador | F37: Crachá para identificação da empresa e dos funcionários, em material PVC 0,76 mm, com impressão digital e laminado | G37: 2 | H37: =G37/12 -> 0.16666667 | K37: =I36/23 -> 0.079710145
K40: 0.08
